 Dungeon Crawl Stone Soup version 0.29-a0-297-g7659ce593d (webtiles) character file.

Game seed: 11744551473168111652

2330081 epen the Impaler (level 26, 213/213 HPs)
             Began as a Gnoll Brigand on Mar 20, 2022.
             Was the Champion of Cheibriados.
             Escaped with the Orb
             ... and 4 runes!
             The game lasted 02:29:09 (67668 turns).

epen the Impaler (Gnoll Brigand)                   Turns: 67668, Time: 02:29:09

Health: 213/213    AC: 21    Str: 23 (24) XL:     26   Next: 97%
Magic:  54/54      EV: 43    Int: 27 (29) God:    Cheibriados [******]
Gold:   5868       SH: 33    Dex: 37 (38) Spells: 39/61 levels left

rFire   + + +      SeeInvis +     - Unarmed
rCold   + + .      Faith    .   O - +6 tower shield {rF+}
rNeg    + . .      Spirit   .   I - +2 robe {rC+ rF+}
rPois   +          Reflect  .   P - +2 hat {SInv}
rElec   .          Harm     .   s - scarf {rC+ rF+}
rCorr   +          Rampage  .   r - +0 pair of gloves "Eryr" {rF+ rCorr}
Will    ++...                   V - +2 pair of boots
Stlth   +++.......              A - amulet of Vuqeot {Acrobat Will+}
HPRegen 0.45/turn               v - ring "Vatel" {rF+ EV+4 Int+5}
MPRegen 0.34/turn               f - ring of the Changing Enemy {rN+ MP+9 AC+4 Slay+3}

@: studying 2 skills, very slow
A: fangs 1, strong nose, distributed training, iridescent scales 2,
deterioration 1, dopey 1, poison resistance, weak 2, MP-powered wands
0: Orb of Zot
}: 4/15 runes: decaying, slimy, silver, gossamer
a: Renounce Religion, Bend Time, Temporal Distortion, Slouch, Step From Time


You escaped.
You worshipped Cheibriados.
Cheibriados was exalted by your worship.
You visited 11 branches of the dungeon, and saw 54 of its levels.
You visited the Abyss 1 time.
You visited 1 ziggurat, and saw 5 of its levels.
You also visited: Ossuary, Gauntlet and Volcano.

You collected 8226 gold pieces.
You spent 2358 gold pieces at shops.

Inventory:

Missiles
 d - 51 poisoned darts (quivered)
 e - 19 curare-tipped darts
 k - a throwing net
 z - 2 javelins
Armour
 c - a +0 cloak of willpower
 r - the +0 pair of gloves "Eryr" (worn) {rF+ rCorr}
   (You found it in a Gauntlet)

   rF:        It protects you from fire.
   rCorr:     It protects you from acid and corrosion.
 s - a scarf of resistance (worn)
 I - a +2 robe of resistance (worn)
 O - a +6 tower shield of fire resistance (worn)
 P - a +2 hat of see invisible (worn)
 V - a +2 pair of boots (worn)
Jewellery
 f - the ring of the Changing Enemy (right hand) {rN+ MP+9 AC+4 Slay+3}
   (You acquired it on level 5 of the Dungeon)

   [ring of protection]

   AC:        It affects your AC (+4).
   Slay:      It affects your accuracy & damage with ranged weapons and melee
   (+3).
   rN:        It protects you from negative energy.
   MP:        It affects your magic capacity (+9).
 g - a ring of poison resistance
 u - a ring of fire
 v - the ring "Vatel" (left hand) {rF+ EV+4 Int+5}
   (You bought it in a shop on level 4 of the Depths)

   [ring of evasion]

   EV:        It affects your evasion (+4).
   Int:       It affects your intelligence (+5).
   rF:        It protects you from fire.
 y - the amulet "Roreph" {Faith *Slow rPois Str-3 SInv}
   (You found it on level 2 of the Lair of Beasts)

   [amulet of faith]

   It allows you to gain divine favour quickly.
   Str:       It affects your strength (-3).
   rPois:     It protects you from poison.
   SInv:      It lets you see invisible.
   *Slow:     It may slow you when you take damage.
 A - the amulet of Vuqeot (around neck) {Acrobat Will+}
   (You found it on level 3 of the Dungeon)

   [amulet of the acrobat]

   It increases your evasion while moving and waiting.
   Will:      It increases your willpower.
 T - the ring of Voheec {rC+ SInv}
   (You found it in a Gauntlet)

   [ring of see invisible]

   rC:        It protects you from cold.
   SInv:      It lets you see invisible.
 W - the ring of the Catamount {rElec rC+ rN+ Str+2 Dex+4}
   (You took it off a vault warden on level 5 of the Vaults)

   [ring of protection from cold]

   Str:       It affects your strength (+2).
   Dex:       It affects your dexterity (+4).
   rC:        It protects you from cold.
   rElec:     It insulates you from electricity.
   rN:        It protects you from negative energy.
 Z - a ring of protection from fire
Wands
 b - a wand of mindburst (22)
 i - a wand of flame (48)
 n - a wand of digging (21)
 t - a wand of paralysis (35)
 C - a wand of acid (25)
 D - a wand of charming (10)
 J - a wand of iceblast (31)
Scrolls
 l - 23 scrolls of teleportation
 m - 6 scrolls of fog
 p - a scroll of summoning
 x - 3 scrolls of enchant weapon
 E - 5 scrolls of fear
 G - 2 scrolls of silence
 N - 7 scrolls of amnesia
 S - 2 scrolls of holy word
 X - 4 scrolls of magic mapping
 Y - 3 scrolls of blinking
Potions
 a - 7 potions of might
 h - 4 potions of cancellation
 j - 6 potions of invisibility
 o - 9 potions of berserk rage
 q - 5 potions of resistance
 w - 15 potions of ambrosia
 B - 3 potions of heal wounds
 F - 19 potions of curing
 K - 8 potions of flight
 L - 4 potions of brilliance
 M - 2 potions of magic
 R - 3 potions of mutation
Miscellaneous
 H - a box of beasts


   Skills:
 + Level 18.5 Fighting
 + Level 18.5 Short Blades
 + Level 18.0 Long Blades
 + Level 18.0 Axes
 + Level 18.0 Maces & Flails
 + Level 19.9 Polearms
 + Level 18.0 Staves
 + Level 18.0 Slings
 + Level 18.0 Bows
 + Level 18.0 Crossbows
 + Level 18.5 Throwing
 + Level 18.0 Armour
 + Level 19.9 Dodging
 + Level 19.3 Stealth
 + Level 18.0 Shields
 + Level 18.0 Unarmed Combat
 + Level 18.0 Spellcasting
 + Level 15.3 Conjurations
 + Level 15.3 Hexes
 + Level 15.3 Summonings
 + Level 15.3 Necromancy
 + Level 15.3 Translocations
 + Level 15.3 Transmutations
 + Level 15.3 Fire Magic
 + Level 15.3 Ice Magic
 + Level 15.3 Air Magic
 + Level 15.3 Earth Magic
 + Level 15.3 Poison Magic
 + Level 19.5 Invocations
 + Level 18.0 Evocations


You had 39 spell levels left.
You knew the following spells:

 Your Spells              Type           Power      Damage    Failure   Level
a - Statue Form           Tmut/Erth      54%        N/A       1%          6
b - Death Channel         Necr           41%        N/A       1%          6
c - Summon Hydra          Summ           41%        N/A       8%          7
d - Frozen Ramparts       Ice            100%       1d12      1%          3

Your spell library contained the following spells:

 Spells                   Type           Power      Damage    Failure   Level
 Animate Skeleton         Necr           100%       N/A       0%          1
 Apportation              Tloc           100%       N/A       0%          1
 Beastly Appendage        Tmut           100%       N/A       0%          1
 Freeze                   Ice            100%       1d11      0%          1
 Pain                     Necr           100%       1d9       0%          1
 Slow                     Hex            100%       N/A       0%          1
 Sting                    Tmut/Pois      100%       1d8       0%          1
 Summon Small Mammal      Summ           100%       N/A       0%          1
 Blink                    Tloc           100%       N/A       0%          2
 Corpse Rot               Necr/Air       100%       N/A       0%          2
 Poisonous Vapours        Pois/Air       100%       N/A       0%          2
 Static Discharge         Conj/Air       82%        N/A       0%          2
 Sublimation of Blood     Necr           82%        N/A       0%          2
 Wereblood                Tmut           82%        N/A       0%          2
 Call Canine Familiar     Summ           82%        N/A       1%          3
 Confusing Touch          Hex            82%        N/A       1%          3
 Dazzling Flash           Conj/Hex       100%       N/A       1%          3
 Ignite Poison            Fire/Tmut/Pois 82%        N/A       1%          3
 Lesser Beckoning         Tloc           82%        N/A       1%          3
 Mephitic Cloud           Conj/Pois/Air  82%        N/A       1%          3
 Ozocubu's Armour         Ice            82%        N/A       1%          3
 Stone Arrow              Conj/Erth      100%       3d13      1%          3
 Summon Guardian Golem    Hex/Summ       82%        N/A       1%          3
 Swiftness                Air            82%        N/A       1%          3
 Tukima's Dance           Hex            82%        N/A       1%          3
 Vampiric Draining        Necr           82%        2d11      1%          3
 Airstrike                Air            41%        N/A       1%          4
 Anguish                  Hex/Necr       41%        N/A       1%          4
 Animate Armour           Summ/Erth      100%       N/A       1%          4
 Dispel Undead            Necr           82%        3d27      1%          4
 Fulminant Prism          Conj/Hex       41%        3d20      1%          4
 Hailstorm                Conj/Ice       82%        3d17      1%          4
 Iskenderun's Mystic Bla  Conj/Tloc      82%        2d16      1%          4
 Leda's Liquefaction      Hex/Erth       41%        N/A       1%          4
 Olgreb's Toxic Radiance  Pois           82%        N/A       1%          4
 Passage of Golubria      Tloc           82%        N/A       1%          4
 Petrify                  Tmut/Erth      82%        N/A       1%          4
 Sticky Flame             Conj/Fire      82%        2d9       1%          4
 Summon Ice Beast         Ice/Summ       82%        N/A       1%          4
 Summon Lightning Spire   Summ/Air       82%        N/A       1%          4
 Agony                    Necr           82%        N/A       1%          5
 Blade Hands              Tmut           41%        N/A       1%          5
 Excruciating Wounds      Necr           41%        N/A       1%          5
 Freezing Cloud           Conj/Ice/Air   41%        6-21      1%          5
 Irradiate                Conj/Tmut      41%        3d27      1%          5
 Lee's Rapid Deconstruct  Erth           41%        3d21*     1%          5
 Lightning Bolt           Conj/Air       41%        1d60      1%          5
 Manifold Assault         Tloc           82%        N/A       1%          5
 Silence                  Hex/Air        41%        N/A       1%          5
 Summon Mana Viper        Hex/Summ       82%        N/A       1%          5
 Conjure Ball Lightning   Conj/Air       41%        3x3d13    1%          6
 Simulacrum               Ice/Necr       41%        N/A       1%          6
 Dragon Form              Tmut           41%        N/A       8%          7
 Enfeeble                 Hex            41%        N/A       8%          7
 Monstrous Menagerie      Summ           41%        N/A       8%          7
 Ozocubu's Refrigeration  Ice            41%        4d13      8%          7
 Spellforged Servitor     Conj/Summ      41%        N/A       8%          7
 Borgnjor's Revivificati  Necr           41%        N/A       52%         8
 Discord                  Hex            41%        N/A       52%         8
 Disjunction              Tloc           41%        N/A       52%         8
 Ignition                 Fire           41%        3d12      52%         8
 Lehudib's Crystal Spear  Conj/Erth      41%        10d10     52%         8
 Maxwell's Capacitive Co  Air            41%        ∞         52%         8
 Necromutation            Tmut/Necr      41%        N/A       52%         8
 Death's Door             Necr           41%        N/A       100%        9
 Polar Vortex             Ice            41%        N/A       100%        9


Dungeon Overview and Level Annotations

Branches:
Dungeon (15/15)            Temple (1/1) D:4            Lair (6/6) D:8
  Swamp (4/4) Lair:3       Spider (4/4) Lair:3        Slime (5/5) Lair:6
    Orc (2/2) D:9             Elf (3/3) Orc:2        Vaults (5/5) D:13
  Crypt (0/3) Vaults:2     Depths (4/4) D:15            Zot (5/5) Depths:4
Ossuary (visited)         Volcano (visited)         Gauntlet (visited)

Altars:
Ashenzari
Cheibriados
Dithmenos
Elyvilon
Fedhas
Gozag
Hepliaklqana
Kikubaaqudgha
Makhleb
Nemelex Xobeh
Okawaru
Qazlal
Ru
Sif Muna
Trog
Uskayaw
Vehumet
Wu Jian
Xom
Yredelemnul
Zin
The Shining One
Jiyva

Shops:
D:1 *   D:4 *   D:12 *   Orc:2 :[!=   Elf:2 =   Elf:3 [   Vaults:1 ?([[
Vaults:2 (*[*   Vaults:5 ?   Depths:4 ?=*

Portals:
Hell: Depths:1 Depths:2 Depths:3 Depths:4
Abyss: Depths:2 Depths:3
Pandemonium: Depths:1 Depths:2 Depths:3
Trove: D:14 (give 6 scrolls of blinking)

Annotations:
Elf:2 5 runed translucent doors
Vaults:1 2 transporters, manifold's ghost, adept TrWr
Vaults:3 2 transporters
Zot:5 1 exclusion


Innate Abilities, Weirdness & Mutations

You have very sharp teeth.
Your uncanny sense of smell can sniff out nearby items.
Your experience applies equally to all skills.
You are mostly covered in iridescent scales. (AC +4)
Your body sometimes deteriorates upon taking damage.
You are dopey. (Int -2)
Your system is resistant to poisons. (rPois)
You are very weak. (Str -4)
You expend magic power (3 MP) to strengthen your wands.


Message History

Juwy is severely wounded.
Juwy is frozen!
The wall freezes Juwy.
Juwy gestures at you.
You easily resist.
The Hell Sentinel completely resists.
The wall freezes the Hell Sentinel but does no damage.
You punch Juwy!
Juwy is severely wounded.
Juwy is frozen!
The wall freezes Juwy!
Juwy gestures.
You hit Juwy but do no damage.
Juwy is almost dead.
The Executioner resists.
The wall freezes the Executioner.
The Hell Sentinel completely resists.
The wall freezes the Hell Sentinel but does no damage.
You punch Juwy!
Juwy is almost dead.
The Executioner resists.
The wall freezes the Executioner.
The Executioner gestures.
The Executioner seems to speed up.
Juwy is frozen!
The wall freezes Juwy!!
You block Juwy's attack.
The Hell Sentinel completely resists.
The wall freezes the Hell Sentinel but does no damage.
The Executioner resists.
The wall freezes the Executioner.
You pummel Juwy!!
You kill Juwy!
Cheibriados thoroughly appreciates the change of pace.
The Hell Sentinel disappears in a puff of smoke!
The Executioner disappears in a puff of smoke!
The frozen ramparts melt away as you move.
There is an open door here.
(D) Dungeon (T) Temple (L) Lair (S) Swamp (N) Spider Nest (M) Slime Pits (O) Orcish Mines (E) Elven Halls (V) Vaults (C) Crypt (U) Depths (H) Hell (Z) Zot
Where to? (Enter - D:1 @ (x,y), ? - help) HP restored.
There is a stone staircase leading down here.
You open the door.
There is an open door here.
There is a staircase leading out of the dungeon here.
You have escaped!

#.######## #..#
#.##.....# ##.#
#..#.....# ### #.#
###.#.....# ##.## #.#
..#..#.#### ##...## #.#
..##.#.# ##.....## #.#
..##.#.# ##.......###.#
..##...#####.........##.#
..###..##.'.....@.....'.#
......>...#####...#######
..###...#.....##.## ..#
#...#####..#.# ### #####
##.#(# #.#.# #.#+# #...#
#####


There were no monsters in sight!

Vanquished Creatures
  the Royal Jelly (Slime:5)
  3 dread liches
  3 ancient liches
  3 orbs of fire (Zot:5)
  Mennas (Vaults:3)
  2 pandemonium lords
  9 Killer Klowns (Zot:5)
  Parghit (Zot:3)
  Bai Suzhen (Vaults:3)
  8 golden dragons
  Nikola (Swamp:4)
  2 bone dragons
  2 Brimstone Fiends
  Arachne (Spider:2)
  2 electric golems (Zot:5)
  19 tentacled monstrosities
  Mlioglotl (Swamp:2)
  An Ice Fiend (Depths:2)
  A Hell Sentinel (Zig:5)
  2 deep elf blademasters (Elf:3)
  5 liches
  Zenata (Vaults:3)
  A walking divine tome (Depths:3)
  24 Orb Guardians (Zot:5)
  5 titans
  13 acid blobs
  2 deep elf master archers (Elf:3)
  6 death cobs
  2 tentacled starspawn (Abyss:5)
  11 quicksilver dragons
  An Executioner (Zot:3)
  13 shadow dragons
  An ancient champion (Vaults:2)
  3 sphinxes
  Frances (Spider:2)
  Kirke (D:13)
  The ghost of epen the Gnoll Aeon, an adept GnAM of Cheibriados (Spider:2)
  A thorn hunter (Swamp:4)
  10 storm dragons
  6 rockslimes
  4 tengu reavers
  8 azure jellies
  A quicksilver elemental (Zig:5)
  6 draconian monks
  2 fenstrider witches
  4 emperor scorpions (Spider:4)
  3 fire giants
  Aizul (Swamp:2)
  An orc warlord (Vaults:4)
  6 draconian knights
  4 ghost moths
  8 vault wardens
  9 draconian scorchers
  A cacodemon (Depths:3)
  3 frost giants
  4 deep elf sorcerers
  11 draconian stormcallers
  9 ironbound preservers
  2 draconian shifters
  A war gargoyle (Vaults:5)
  5 draconian annihilators
  7 quicksilver oozes
  2 broodmothers (Spider:4)
  An angel (Depths:2)
  4 deep elf elementalists (Elf:3)
  26 very ugly things
  8 green draconians
  3 ironbound thunderhulks
  11 deep elf demonologists
  16 stone giants
  3 entropy weavers
  4 vampire knights
  3 starcursed masses (Abyss:5)
  11 dire elephants
  5 eleionomae
  10 yellow draconians
  6 deep elf annihilators
  5 purple draconians
  9 red draconians
  3 bunyips
  10 white draconians
  7 spark wasps
  7 black draconians
  A minotaur (Gauntlet)
  3 eidola
  6 deep elf death magi
  A blizzard demon (D:11)
  5 deep elf high priests
  5 ettins
  6 fire dragons
  A crystal guardian (Vaults:4)
  3 jiangshi (Depths:1)
  37 vault guards
  7 great orbs of eyes
  3 rakshasas
  8 yaktaur captains
  2 hell beasts
  7 hydras
  5 boulder beetles
  8 ironbound frosthearts
  2 peacekeepers
  A spriggan air mage (Depths:4)
  A catoblepas (Lair:3)
  5 ghost crabs
  A jorogumo (Spider:3)
  4 ice dragons
  11 alligators
  An anaconda (shapeshifter) (Vaults:5)
  4 radroaches
  3 death knights
  15 dancing weapons
  Erica (Lair:2)
  6 centaur warriors
  2 two-headed ogres
  5 tengu warriors
  3 deep troll shamans
  3 vampire magi
  3 thrashing horrors (Abyss:5)
  5 spriggan berserkers
  4 deep troll earth magi
  13 spriggans
  8 hell knights
  4 deep elf knights
  An orc high priest (Orc:1)
  2 crystal echidnas (Zig:5)
  Amaemon (Orc:1)
  A shadow wraith (Vaults:5)
  9 pharaoh ants
  11 sun demons
  A wretched star (Zot:5)
  2 fire crabs (shapeshifter)
  An iron troll (Vaults:4)
  A sea snake (Lair:6)
  4 sun moths
  3 sixfirhies
  3 death drakes
  4 glowing orange brains
  2 spriggan druids
  A storm dragon skeleton (Depths:1)
  A flayed ghost (Depths:3)
  8 steelbarb worms
  2 goliath frogs
  8 deep elf archers
  6 wizards
  2 swamp dragons (Swamp:2)
  A spectral hydra (Swamp:4)
  16 deep trolls
  13 orb spiders
  4 lindwurms
  9 bog bodies
  4 large abominations
  2 orc knights
  16 ironbound convokers
  A golden dragon skeleton (Depths:1)
  3 harpies
  9 necromancers
  20 deep elf zephyrmancers
  An iron dragon zombie (Zig:4)
  6 phantasmal warriors
  20 wolf spiders
  A human zombie (Vaults:4)
  17 deep elf pyromancers
  An oklob plant (Lair:4)
  2 manticores
  23 ugly things
  4 orc sorcerers (Orc:2)
  4 shining eyes
  4 will-o-the-wisps
  17 vault sentinels
  2 spectral centaurs (D:11)
  A salamander (shapeshifter) (Vaults:5)
  A salamander (D:15)
  25 moths of wrath
  8 cyclopes
  A worldbinder (Abyss:5)
  5 toenail golems (Volcano)
  4 black mambas
  9 elephants
  A frost giant skeleton (Depths:1)
  A fire giant skeleton (Depths:1)
  3 orange demons
  2 smoke demons
  An eye of devastation (shapeshifter) (D:14)
  5 torpor snails
  8 cane toads
  4 rime drakes
  9 demonic crawlers
  An unseen horror (shapeshifter) (Vaults:5)
  5 hellions
  Psyche (D:9)
  A storm dragon simulacrum (Depths:1)
  15 komodo dragons
  3 swamp worm zombies (Swamp:4)
  3 guardian mummies (Zig:4)
  3 red devils
  25 yaktaurs
  2 hellwings
  2 ancient zymes (Abyss:5)
  A freezing wraith (Vaults:2)
  4 hydra zombies (Swamp:4)
  2 tengu conjurers
  A golden dragon simulacrum (Vaults:4)
  A tormentor (Zig:5)
  An efreet (D:13)
  2 ice devils (Depths:2)
  8 trolls
  6 polar bears
  A queen bee (D:10)
  A human skeleton (Vaults:4)
  3 meliai (Spider:2)
  Grinder (D:5)
  A merfolk (Zig:3)
  7 tyrant leeches
  A raiju (Abyss:5)
  64 slime creatures
  21 tarantellas
  3 bloated husks
  2 wind drakes
  13 hornets
  15 blink frogs
  An ettin zombie (Vaults:4)
  8 dream sheep (Lair:6)
  4 spectral swamp dragons (Swamp:4)
  35 jumping spiders
  8 alligator zombies (Swamp:4)
  A snapping turtle (Lair:6)
  A stone giant simulacrum (Depths:1)
  Sigmund (D:5)
  21 culicivoras
  A shadow (D:10)
  3 centaur simulacra (D:11)
  A spriggan skeleton (Depths:1)
  3 air elementals
  5 wyverns
  4 water elementals
  6 wraiths
  9 basilisks
  14 yaks
  6 hogs (D:13)
  2 ushabtiu (Zig:4)
  15 golden eyes
  A basilisk (shapeshifter) (Elf:3)
  2 chaos spawn
  2 fire elementals
  2 neqoxecs
  48 redbacks
  4 small abominations (Abyss:5)
  9 vampire mosquitoes
  Menkaure (D:5)
  19 swamp worms
  2 acid dragons
  12 water moccasins
  2 floating eyes
  Duvessa (D:4)
  A hell hound (Depths:1)
  17 orc warriors
  5 swamp drakes
  2 black bears
  The ghost of anonymous the Chopper, an amateur NaGl (D:3)
  2 ice beasts
  2 swamp dragon zombies (Swamp:4)
  4 boggarts (Lair:6)
  5 centaurs
  4 ogres
  15 wolves
  4 phantoms
  Blork the orc (D:5)
  3 kobold brigands (D:8)
  5 necrophages (Lair:5)
  A gnoll sergeant (D:10)
  14 bullfrogs
  An earth elemental (Elf:3)
  5 scorpions
  3 wights (D:9)
  Dowan (D:4)
  25 killer bees
  An electric eel (Lair:5)
  A lava snake (D:7)
  5 hounds
  A jelly (D:5)
  15 orc priests
  7 iguanas
  26 orc wizards
  A spectral swamp drake (Swamp:4)
  3 mummies
  13 gnolls
  2 swamp drake zombies (Swamp:4)
  7 adders
  2 white imps
  4 ufetubi
  4 worms
  4 dart slugs
  54 orcs
  7 bats
  7 endoplasms
  3 giant cockroaches
  11 goblins
  8 hobgoblins
  3 jackals (D:1)
  4 quokkas
  18 ball pythons
  5 frilled lizards
  2 goblin zombies (D:7)
  A hobgoblin zombie (Ossuary)
  16 kobolds
  A kobold zombie (Ossuary)
  2 orc zombies (Ossuary)
  8 rats
  5 fire vortices
  3 foxfires (Swamp:3)
1850 creatures vanquished.

Vanquished Creatures (collateral kills)
  A Killer Klown (Zot:5)
  A tentacled monstrosity (Vaults:5)
  An Orb Guardian (Zot:5)
  A lich (Depths:3)
  A quicksilver dragon (Zot:2)
  A titan (Vaults:5)
  A death cob (Zot:4)
  A tengu reaver (Vaults:5)
  2 storm dragons
  A fire giant (Vaults:5)
  4 frost giants
  3 vault wardens
  A draconian shifter (Zot:5)
  5 ironbound preservers
  5 very ugly things
  A stone giant (Depths:2)
  A black draconian (Zot:5)
  2 dire elephants
  A spark wasp (Depths:3)
  2 red draconians
  A purple draconian (Depths:4)
  A deep elf annihilator (Vaults:5)
  An entropy weaver (Vaults:4)
  A merfolk javelineer (Zig:3)
  3 ettins
  A fire dragon (Depths:4)
  A great orb of eyes (Slime:5)
  4 yaktaur captains
  2 vault guards (Vaults:2)
  3 hydras
  3 ice dragons
  A rakshasa (Depths:2)
  2 centaur warriors
  An ironbound frostheart (Vaults:3)
  A merfolk avatar (Lair:6)
  2 two-headed ogres
  2 dancing weapons
  2 deep troll shamans
  The ghost of kae the Arsonist, a journeyman TeFE of Vehumet (D:11)
  A hell knight (Depths:1)
  2 deep troll earth magi (Depths:4)
  An orc high priest (Orc:2)
  A deep elf knight (Vaults:5)
  2 iron trolls (Depths:2)
  7 deep trolls
  2 glowing orange brains
  A lindwurm (Vaults:3)
  2 wizards
  4 deep elf zephyrmancers (Elf:1)
  2 deep elf archers
  8 harpies
  7 ironbound convokers
  An orc knight (Orc:2)
  4 deep elf pyromancers
  11 ugly things
  18 slime creatures
  2 shining eyes (Depths:1)
  A tengu skeleton (Vaults:4)
  An orc sorcerer (Orc:2)
  A centaur zombie (D:11)
  A moth of wrath (shapeshifter) (Vaults:5)
  2 moths of wrath (Zot:5)
  2 elephants (Lair:6)
  2 manticores (Lair:6)
  Maurice (Orc:2)
  3 vault sentinels
  An eye of devastation (Depths:1)
  A titan simulacrum (Vaults:4)
  A gargoyle (D:13)
  3 cane toads
  3 komodo dragons
  A rime drake (Lair:6)
  4 yaktaurs
  A troll (D:13)
  A troll (shapeshifter) (Vaults:5)
  A polar bear (Lair:6)
  7 blink frogs
  A hornet (Depths:2)
  3 dream sheep (Lair:6)
  A shadow (D:10)
  5 yaks
  A wraith (D:13)
  7 wyverns
  3 golden eyes (Slime:4)
  2 basilisks (D:8)
  A steam dragon (Lair:6)
  A vampire mosquito (D:13)
  Grum (D:10)
  A warg (Orc:2)
  3 water moccasins
  10 orc warriors
  A black bear (D:8)
  6 wolves
  A centaur (D:13)
  A bullfrog (Lair:2)
  A human simulacrum (Vaults:4)
  2 wights (D:9)
  A killer bee (D:10)
  4 orc priests
  An iguana (D:8)
  7 orc wizards
  6 mummies (Ossuary)
  A gnoll (D:10)
  21 orcs
  2 hobgoblin zombies (Ossuary)
  A kobold zombie (Ossuary)
  An orc zombie (Ossuary)
280 creatures vanquished.

Vanquished Creatures (others)
  A pandemonium lord (D:11)
  A draconian knight (Zot:4)
  A vault warden (Vaults:4)
  A war gargoyle (Vaults:5)
  A black draconian (Depths:4)
  2 hydras
  2 alligators
  A death drake (Swamp:3)
  A swamp dragon (Swamp:4)
  A phantasmal warrior (Swamp:4)
  4 bloated husks
  A tyrant leech (Swamp:2)
  A spriggan (Swamp:1)
  A small abomination (D:12)
  A swamp dragon zombie (Swamp:4)
  2 phantoms (Swamp:4)
  A quokka (Depths:1)
  A creeping inferno (Zot:4)
  2 fire vortices (D:11)
  7 foxfires
  30 fungi
  43 plants
  9 starspawn tentacles (Abyss:5)
115 creatures vanquished.

Grand Total: 2245 creatures vanquished

Notes
Turn   | Place    | Note
-------+----------+-------------------------------------------
     0 | D:1      | epen the Gnoll Brigand began the quest for the Orb.
     0 | D:1      | Reached XP level 1. HP: 20/20 MP: 1/1
   166 | D:1      | Reached XP level 2. HP: 12/26 MP: 2/2
   369 | D:1      | Reached XP level 3. HP: 24/31 MP: 3/3
   577 | D:1      | Reached skill level 1 in Invocations
   595 | D:1      | Found Joaqiff's Assorted Antiques.
   980 | D:2      | Reached skill level 1 in Long Blades
   980 | D:2      | Reached skill level 1 in Axes
   980 | D:2      | Reached skill level 1 in Maces & Flails
   980 | D:2      | Reached skill level 1 in Polearms
   980 | D:2      | Reached skill level 1 in Staves
   980 | D:2      | Reached skill level 1 in Slings
   980 | D:2      | Reached skill level 1 in Bows
   980 | D:2      | Reached skill level 1 in Crossbows
   980 | D:2      | Reached skill level 1 in Armour
   980 | D:2      | Reached skill level 1 in Shields
   980 | D:2      | Reached skill level 1 in Unarmed Combat
   980 | D:2      | Reached skill level 1 in Spellcasting
   980 | D:2      | Reached skill level 1 in Evocations
  1004 | D:2      | Reached XP level 4. HP: 28/38 MP: 5/5
  1355 | D:2      | Found a faded altar of an unknown god.
  1383 | D:2      | Found a shadowy altar of Dithmenos.
  1447 | D:2      | Identified the +4 dagger "Newtbane" {drain, Will+ Str+4}
  1584 | D:2      | Reached skill level 1 in Conjurations
  1584 | D:2      | Reached skill level 1 in Hexes
  1584 | D:2      | Reached skill level 1 in Summonings
  1584 | D:2      | Reached skill level 1 in Necromancy
  1584 | D:2      | Reached skill level 1 in Translocations
  1584 | D:2      | Reached skill level 1 in Transmutations
  1584 | D:2      | Reached skill level 1 in Fire Magic
  1584 | D:2      | Reached skill level 1 in Ice Magic
  1584 | D:2      | Reached skill level 1 in Air Magic
  1584 | D:2      | Reached skill level 1 in Earth Magic
  1584 | D:2      | Reached skill level 1 in Poison Magic
  2202 | D:3      | Reached XP level 5. HP: 43/43 MP: 5/7
  2516 | D:3      | Found a runed translucent door.
  2518 | D:3      | Noticed anonymous's ghost (amateur NaGl)
  3399 | D:3      | Reached XP level 6. HP: 22/50 MP: 8/8
  3407 | D:3      | HP: 2/50 [anonymous's ghost (12)]
  3410 | D:3      | Killed anonymous's ghost
  3411 | D:3      | Reached skill level 5 in Fighting
  3411 | D:3      | Reached skill level 5 in Short Blades
  3411 | D:3      | Reached skill level 5 in Throwing
  3416 | D:3      | Identified the ring of Etoeq {Wiz rC+ Dex+3}
  3655 | D:3      | Identified the amulet of Vuqeot {Acrobat Will+}
  3857 | D:4      | Found a staircase to the Ecumenical Temple.
  3973 | Temple   | Entered the Ecumenical Temple
  4050 | Temple   | Became a worshipper of Cheibriados the Contemplative
  4268 | D:4      | Noticed Duvessa
  4268 | D:4      | Noticed Dowan
  4271 | D:4      | Killed Dowan
  4272 | D:4      | Reached XP level 7. HP: 56/56 MP: 10/10
  4285 | D:4      | Killed Duvessa
  4471 | D:4      | Found Doucoumpa's Overcharged Wands.
  4869 | D:5      | Entered Level 5 of the Dungeon
  4882 | D:5      | Noticed Sigmund
  4902 | D:5      | Killed Sigmund
  4903 | D:5      | Reached XP level 8. HP: 59/63 MP: 12/12
  4942 | D:5      | Reached * piety under Cheibriados
  5002 | D:5      | Noticed Grinder
  5005 | D:5      | Killed Grinder
  5709 | D:5      | Noticed Blork the orc
  5712 | D:5      | Killed Blork the orc
  5738 | D:5      | Noticed Menkaure
  5753 | D:5      | Killed Menkaure
  5754 | D:5      | Reached XP level 9. HP: 33/69 MP: 14/14
  5980 | D:5      | Identified 2 scrolls of acquirement
  5980 | D:5      | Acquired the +14 obsidian axe {vorpal, Mesm Drain Fly SInv}
  5980 | D:5      | Found the +14 obsidian axe {vorpal, Mesm Drain Fly SInv}
  5988 | D:5      | Acquired the ring of the Changing Enemy {rN+ MP+9 AC+4
                  | Slay+3}
  6192 | D:6      | Reached ** piety under Cheibriados
  6834 | D:7      | Reached skill level 5 in Dodging
  6849 | D:7      | Found a glowing silver altar of Zin.
  7003 | D:7      | Found a sand-covered staircase.
  7014 | Ossuary  | Entered an ossuary
  7023 | Ossuary  | Reached *** piety under Cheibriados
  7469 | D:7      | Reached skill level 5 in Invocations
  7832 | D:8      | Reached XP level 10. HP: 76/77 MP: 17/17
  7836 | D:8      | Reached skill level 5 in Long Blades
  7836 | D:8      | Reached skill level 5 in Axes
  7836 | D:8      | Reached skill level 5 in Maces & Flails
  7836 | D:8      | Reached skill level 5 in Polearms
  7836 | D:8      | Reached skill level 5 in Staves
  7836 | D:8      | Reached skill level 5 in Slings
  7836 | D:8      | Reached skill level 5 in Bows
  7836 | D:8      | Reached skill level 5 in Crossbows
  7836 | D:8      | Reached skill level 5 in Armour
  7836 | D:8      | Reached skill level 5 in Shields
  7836 | D:8      | Reached skill level 5 in Unarmed Combat
  7836 | D:8      | Reached skill level 5 in Spellcasting
  7836 | D:8      | Reached skill level 5 in Evocations
  7838 | D:8      | Reached **** piety under Cheibriados
  7839 | D:8      | Found a staircase to the Lair.
  8006 | D:8      | Noticed a green ugly thing
  8010 | D:8      | Killed a green ugly thing
  8237 | D:8      | Noticed a rust devil
  8707 | D:9      | Found a staircase to the Orcish Mines.
  8711 | D:9      | Noticed Psyche
  8715 | D:9      | Reached ***** piety under Cheibriados
  8717 | D:9      | Killed Psyche
  8718 | D:9      | Reached XP level 11. HP: 41/84 MP: 19/19
  9438 | D:9      | Identified the +2 robe "Ylif" {rN++ Will+ Slay-3}
  9717 | D:10     | Entered Level 10 of the Dungeon
  9734 | D:10     | You are sucked into a shaft and drop 2 floors!
  9734 | D:12     | Noticed a deep elf pyromancer
  9738 | D:12     | Killed a deep elf pyromancer
  9739 | D:12     | Reached skill level 5 in Conjurations
  9739 | D:12     | Reached skill level 5 in Hexes
  9739 | D:12     | Reached skill level 5 in Summonings
  9739 | D:12     | Reached skill level 5 in Necromancy
  9739 | D:12     | Reached skill level 5 in Translocations
  9739 | D:12     | Reached skill level 5 in Transmutations
  9739 | D:12     | Reached skill level 5 in Fire Magic
  9739 | D:12     | Reached skill level 5 in Ice Magic
  9739 | D:12     | Reached skill level 5 in Air Magic
  9739 | D:12     | Reached skill level 5 in Earth Magic
  9739 | D:12     | Reached skill level 5 in Poison Magic
  9743 | D:12     | Reached skill level 10 in Stealth
  9749 | D:12     | Noticed a seven-headed hydra
  9755 | D:12     | Killed an eight-headed hydra
  9787 | D:11     | Noticed a two-headed ogre
  9793 | D:11     | Killed a two-headed ogre
  9794 | D:11     | Noticed a cyclops
  9803 | D:11     | Killed a cyclops
 10100 | D:10     | Noticed a cyan ugly thing
 10105 | D:10     | Killed a cyan ugly thing
 10345 | D:10     | Noticed Grum
 10356 | D:10     | Killed Grum
 10356 | D:10     | Reached ****** piety under Cheibriados
 10357 | D:10     | Reached XP level 12. HP: 93/93 MP: 22/22
 10825 | Lair:1   | Entered Level 1 of the Lair of Beasts
 10841 | Lair:1   | Noticed a sun demon
 11539 | Lair:2   | Found a glowing golden altar of the Shining One.
 11582 | Lair:2   | Found a gate leading to a gauntlet.
 11589 | Gauntlet | Entered a Gauntlet
 11589 | Gauntlet | Found a transporter.
 11598 | Gauntlet | Found a transporter.
 11616 | Gauntlet | Found a transporter.
 11619 | Gauntlet | Found a transporter.
 11626 | Gauntlet | Noticed a death yak
 11626 | Gauntlet | Noticed a death yak
 11628 | Gauntlet | Noticed a death yak
 11629 | Gauntlet | Noticed a death yak
 11640 | Gauntlet | Found a transporter.
 11652 | Gauntlet | Found a runed translucent door.
 11653 | Gauntlet | Found a transporter.
 11655 | Gauntlet | Noticed a hell beast
 11669 | Gauntlet | Found a transporter.
 11695 | Gauntlet | Found a transporter.
 11695 | Gauntlet | Found a transporter.
 11700 | Gauntlet | Found a transporter.
 11700 | Gauntlet | Noticed a ghost crab
 11731 | Gauntlet | Found a runed translucent door.
 11733 | Gauntlet | Found a transporter.
 11733 | Gauntlet | Found a transporter.
 11794 | Gauntlet | Noticed a two-headed ogre
 11794 | Gauntlet | a moth of wrath changed into a two-headed ogre
 11879 | Gauntlet | Noticed a stone giant
 11881 | Gauntlet | Noticed a sphinx
 11881 | Gauntlet | a stone giant changed into a sphinx
 11898 | Gauntlet | Reached XP level 13. HP: 54/101 MP: 24/24
 11914 | Gauntlet | Identified the +0 pair of gloves "Eryr" {rF+ rCorr}
 12043 | Gauntlet | Noticed a minotaur
 12047 | Gauntlet | Identified the ring of Voheec {rC+ SInv}
 12115 | Gauntlet | namelastname112: visions of slaying putin flood into your
                  | mind
 12126 | Gauntlet | Killed a minotaur
 12141 | Gauntlet | Identified the amulet of Etill {Spirit Dex+5}
 12477 | Lair:2   | Found the +6 shillelagh "Devastator" {shatter}
 12809 | Lair:2   | Identified the amulet "Roreph" {Faith *Slow rPois Str-3
                  | SInv}
 12879 | Lair:2   | Noticed Erica
 12883 | Lair:2   | Killed Erica
 13518 | Lair:3   | Found a staircase to the Swamp.
 13686 | Lair:3   | namelastname112: даня
 13686 | Lair:3   | Found a hole to the Spider Nest.
 13688 | Lair:3   | namelastname112: он же тебя убьет
 13690 | Lair:3   | namelastname112: рано или поздно
 13820 | Lair:3   | namelastname112: и мы оба это знаем
 13844 | Lair:3   | epen: Кто
 13868 | Lair:4   | namelastname112: хотя блять что теперь мешает топор из рук
                  | просто убрать по сути
 13870 | Lair:4   | namelastname112: ну кто, топор
 13870 | Lair:4   | epen: Дурак
 13870 | Lair:4   | epen: Он неживой
 13870 | Lair:4   | epen: Он не может убить
 13870 | Lair:4   | epen: Убивают укрофашисты
 13870 | Lair:4   | namelastname112: раньше он же блять *curse был
 13870 | Lair:4   | namelastname112: а теперь че?
 13959 | Lair:4   | namelastname112: просто из рук убрал и убежал, не?
 13959 | Lair:4   | namelastname112: ну-ка попробуй
 13970 | Lair:4   | epen: О нет
 13970 | Lair:4   | epen: Дрейн
 13970 | Lair:4   | namelastname112: пиздец ниггерство
 13970 | Lair:4   | epen: а че
 13970 | Lair:4   | namelastname112: да ниче
 14046 | Lair:4   | namelastname112: раньше как-то весомее было
 14109 | Lair:4   | namelastname112: надо аж целый свиток потратить
 14588 | Lair:4   | namelastname112: а че, жирный дрейн?
 14759 | Lair:5   | namelastname112: ??obsidian axe
 14759 | Lair:5   | beem: obsidian axe[1/3]: A +14 broad axe of chopping that
                  | mesmerises you whenever a monster is in sight. SInv, +Fly,
                  | always recurses, sometimes summons a usually-friendly demon
                  | (3 or 4) when you kill stuff. Also cures confusion when
                  | you're mesmerised.
 14759 | Lair:5   | epen: Как видишь нет
 14767 | Lair:5   | namelastname112: ??obsidian axe [2
 14769 | Lair:5   | beem: obsidian axe[2/3]: Its mesmerisation ignores clarity.
 14773 | Lair:5   | namelastname112: ??obsidian axe [3
 14918 | Lair:5   | beem: obsidian axe[3/3]: Visions of slaying the oklob plant
                  | flood into your mind. You cannot move away from the oklob
                  | plant!
 15006 | Lair:5   | namelastname112: старый энтри
 15045 | Lair:5   | Reached skill level 10 in Fighting
 15045 | Lair:5   | Reached skill level 10 in Short Blades
 15045 | Lair:5   | Reached skill level 10 in Throwing
 15048 | Lair:5   | Reached XP level 14. HP: 77/110 MP: 26/26
 15208 | Lair:5   | namelastname112: ??scythe of curses
 15208 | Lair:5   | beem: scythe of curses[1/3]: +13 scythe of draining which
                  | inflicts necromancy miscasts on living targets it hits.
                  | Better than most bardiches!
 15361 | Lair:5   | namelastname112: ??scythe of curses [2
 15361 | Lair:5   | beem: scythe of curses[2/3]: Death has come for the
                  | toadstool...
 15361 | Lair:5   | namelastname112: ??scythe of curses [3
 15361 | Lair:5   | beem: scythe of curses[3/3]: "it hits like a bag of trucks"
                  | - ontoclasm
 15766 | Lair:5   | namelastname112: на самом деле кстати никто в лерндб не
                  | смотрит
 15811 | Lair:5   | epen: куда?
 15811 | Lair:5   | namelastname112: !learndb add epen
 15811 | Lair:5   | namelastname112: ??learndb add epen
 15811 | Lair:5   | beem: I don't have a page labeled learndb_add_epen in my
                  | learndb.
 15811 | Lair:5   | namelastname112: ммм
 15811 | Lair:5   | epen: че
 15811 | Lair:5   | namelastname112: только в ирц чтоль можно
 15812 | Lair:6   | Entered Level 6 of the Lair of Beasts
 15829 | Lair:6   | namelastname112: да я помню сам туда пару штук добавлял
 15980 | Lair:6   | namelastname112: когда еще в чате сидел
 15993 | Lair:6   | namelastname112: через бима нельзя походу
 15999 | Lair:6   | Reached skill level 10 in Invocations
 16018 | Lair:6   | namelastname112: !learn add epen
 16018 | Lair:6   | beem: Syntax is: !learn add TERM TEXT or !learn add TERM[n]
                  | TEXT
 16076 | Lair:6   | namelastname112: !learn add epen [1] is a small boy
 16076 | Lair:6   | beem: Permission db:epen denied: proxying not permitted
 16085 | Lair:6   | namelastname112: сука
 16222 | Lair:6   | namelastname112: только через чат значит
 16312 | Lair:6   | Identified the +7 trident "Aric" {vamp, rC+ Str+3}
 16314 | Lair:6   | namelastname112: !learn add epen is a small boy
 16314 | Lair:6   | beem: Permission db:epen denied: proxying not permitted
 16314 | Lair:6   | namelastname112: ну да
 17291 | Lair:6   | Found a staircase to the Slime Pits.
 17360 | Lair:6   | namelastname112: даня подошел насрать в щлем
 18097 | D:11     | Found a runed translucent gate.
 18097 | D:11     | Found a runed translucent gate.
 18098 | D:11     | Found a runed translucent gate.
 18099 | D:11     | Noticed kae's ghost (journeyman TeFE)
 18115 | D:11     | Killed kae's ghost
 18116 | D:11     | Reached skill level 10 in Dodging
 18536 | D:12     | Found Lirogony's Assorted Antiques.
 18929 | D:13     | Reached XP level 15. HP: 117/117 MP: 28/28
 19327 | D:13     | Noticed Kirke
 19339 | D:13     | Killed Kirke
 19428 | D:13     | Found a gate to the Vaults.
 19547 | D:13     | Reached skill level 10 in Long Blades
 19547 | D:13     | Reached skill level 10 in Axes
 19547 | D:13     | Reached skill level 10 in Maces & Flails
 19547 | D:13     | Reached skill level 10 in Polearms
 19547 | D:13     | Reached skill level 10 in Staves
 19547 | D:13     | Reached skill level 10 in Slings
 19547 | D:13     | Reached skill level 10 in Bows
 19547 | D:13     | Reached skill level 10 in Crossbows
 19547 | D:13     | Reached skill level 10 in Armour
 19547 | D:13     | Reached skill level 10 in Shields
 19547 | D:13     | Reached skill level 10 in Unarmed Combat
 19547 | D:13     | Reached skill level 10 in Spellcasting
 19547 | D:13     | Reached skill level 10 in Evocations
 20631 | D:14     | Found a portal to a secret trove of treasure.
 20639 | D:14     | epen: Хуя
 20639 | D:14     | epen: 6 блинков
 20639 | D:14     | epen: За трову
 20639 | D:14     | epen: Пусть нахуй идёт
 20709 | D:15     | Entered Level 15 of the Dungeon
 21117 | D:15     | Found an ornate altar of the Wu Jian Council.
 21159 | D:15     | Found a staircase to the Depths.
 21596 | Orc:1    | Entered Level 1 of the Orcish Mines
 21814 | Orc:1    | Noticed Amaemon
 21822 | Orc:1    | Killed Amaemon
 22010 | Orc:2    | Entered Level 2 of the Orcish Mines
 22056 | Orc:2    | Found a dark tunnel.
 22061 | Volcano  | Entered a volcano
 22298 | Orc:2    | Found a staircase to the Elven Halls.
 22574 | Orc:2    | Noticed Maurice
 22583 | Orc:2    | Killed Maurice
 22584 | Orc:2    | Reached XP level 16. HP: 126/126 MP: 30/30
 22837 | Orc:2    | Found Gorof's Armour Shop.
 22837 | Orc:2    | Found Biphieggoss's Book Shop.
 22837 | Orc:2    | Found Osutroatec's Distillery.
 22973 | Orc:2    | Found Laplull's Jewellery Boutique.
 22978 | Orc:2    | Bought a book of the Earth for 396 gold pieces
 22981 | Orc:2    | Bought a potion of curing for 48 gold pieces
 22981 | Orc:2    | Bought a potion of heal wounds for 80 gold pieces
 22981 | Orc:2    | Bought a potion of curing for 48 gold pieces
 22981 | Orc:2    | Bought a potion of curing for 48 gold pieces
 23302 | D:9      | Learned a level 6 spell: Statue Form
 23444 | Spider:1 | Entered Level 1 of the Spider Nest
 23927 | Spider:1 | namelastname112: ага
 23927 | Spider:1 | namelastname112: прикольный чел да
 23927 | Spider:1 | namelastname112: ??energy bolt
 23927 | Spider:1 | beem: I don't have a page labeled energy_bolt in my
                  | learndb.
 23927 | Spider:1 | namelastname112: тыкни b
 23927 | Spider:1 | namelastname112: охуенное описание
 23941 | Spider:1 | namelastname112: ой
 25185 | Spider:2 | Noticed Arachne
 25208 | Spider:2 | Killed Arachne
 25461 | Spider:2 | Found a runed translucent door.
 25461 | Spider:2 | Noticed epen's ghost (adept GnAM)
 25465 | Spider:2 | epen: Смотри
 25465 | Spider:2 | epen: Это я
 25473 | Spider:2 | Killed epen's ghost
 25831 | Spider:2 | namelastname112: негр
 25854 | Spider:2 | epen: Что думаешь по поводу украинцев?
 25905 | Spider:2 | namelastname112: пидоры
 26004 | Spider:2 | epen: Нацики?
 26005 | Spider:2 | Noticed Frances
 26008 | Spider:2 | namelastname112: у тебя это кстати в дампе останется
 26014 | Spider:2 | Killed Frances
 26018 | Spider:2 | namelastname112: все что я в чате пишу
 26019 | Spider:2 | epen: На то и пишем
 26311 | Spider:2 | namelastname112: эх вот она свобода
 27860 | Spider:3 | Reached XP level 17. HP: 133/133 MP: 32/32
 28161 | Spider:4 | Entered Level 4 of the Spider Nest
 30168 | Spider:4 | Reached skill level 10 in Conjurations
 30168 | Spider:4 | Reached skill level 10 in Hexes
 30168 | Spider:4 | Reached skill level 10 in Summonings
 30168 | Spider:4 | Reached skill level 10 in Necromancy
 30168 | Spider:4 | Reached skill level 10 in Translocations
 30168 | Spider:4 | Reached skill level 10 in Transmutations
 30168 | Spider:4 | Reached skill level 10 in Fire Magic
 30168 | Spider:4 | Reached skill level 10 in Ice Magic
 30168 | Spider:4 | Reached skill level 10 in Air Magic
 30168 | Spider:4 | Reached skill level 10 in Earth Magic
 30168 | Spider:4 | Reached skill level 10 in Poison Magic
 30378 | Spider:4 | Got a gossamer rune of Zot
 30939 | Swamp:1  | Entered Level 1 of the Swamp
 31847 | Swamp:2  | Reached XP level 18. HP: 142/142 MP: 34/34
 31867 | Swamp:2  | Noticed Aizul
 31882 | Swamp:2  | Killed Aizul
 32366 | Swamp:2  | Noticed Mlioglotl
 32386 | Swamp:2  | Killed Mlioglotl
 32412 | Swamp:2  | You fall into a shaft and drop 1 floor!
 32578 | Swamp:3  | Paralysed by a fenstrider witch for 7 turns
 33763 | Swamp:4  | Entered Level 4 of the Swamp
 34291 | Swamp:4  | Noticed Nikola
 34305 | Swamp:4  | Killed Nikola
 34835 | Swamp:4  | Noticed a bone dragon
 34842 | Swamp:4  | Killed a bone dragon
 35106 | Swamp:4  | Got a decaying rune of Zot
 35401 | Vaults:1 | Entered Level 1 of the Vaults
 35759 | Vaults:1 | Noticed manifold's ghost (adept TrWr)
 35760 | Vaults:1 | Found a transporter.
 35765 | Vaults:1 | Found the +9 staff of Olgreb {rPois∞}
 35784 | Vaults:1 | Found a transporter.
 36255 | Vaults:1 | Found Rosem's Antique Armour Boutique.
 36314 | Vaults:1 | Found Jinuc's Armour Emporium.
 36329 | Vaults:1 | Learned a level 6 spell: Death Channel
 36431 | Vaults:1 | Found Gigobba's Jewellery Shop.
 36432 | Vaults:1 | Found Wasero's Antique Weapon Boutique.
 36560 | Vaults:1 | Found Mikhyul's Magic Scroll Boutique.
 36568 | Vaults:1 | Bought a scroll of teleportation for 39 gold pieces
 36568 | Vaults:1 | Bought a scroll of acquirement for 676 gold pieces
 36568 | Vaults:1 | Bought a scroll of teleportation for 39 gold pieces
 36568 | Vaults:1 | Bought a scroll of teleportation for 39 gold pieces
 36568 | Vaults:1 | Acquired 1238 gold pieces
 36880 | Vaults:2 | Found Mocarhu's Weapon Shoppe.
 36985 | Vaults:2 | Reached XP level 19. HP: 150/150 MP: 35/35
 37074 | Vaults:2 | Found a staircase to the Crypt.
 37511 | Vaults:2 | Found Ehyruj's Assorted Antiques.
 37770 | Vaults:2 | Found Covusatar's Armour Boutique.
 37773 | Vaults:2 | Found Dunkotra's General Store.
 37812 | Vaults:2 | You fall into a shaft and drop 1 floor!
 37849 | Vaults:3 | Noticed Mennas
 37868 | Vaults:3 | Killed Mennas
 37878 | Vaults:3 | Reached skill level 15 in Stealth
 38843 | Vaults:3 | Found a transporter.
 38849 | Vaults:3 | Found a transporter.
 39296 | Vaults:3 | Noticed Zenata
 39315 | Vaults:3 | Killed Zenata
 39704 | Vaults:3 | Noticed Bai Suzhen
 39715 | Vaults:3 | Killed Bai Suzhen
 40224 | Vaults:4 | Reached XP level 20. HP: 159/159 MP: 37/37
 40702 | Vaults:4 | Identified the +1 cloak of Naillane {Rampage rF+ SInv}
 41177 | Vaults:4 | Reached skill level 15 in Invocations
 41963 | Depths:1 | Entered Level 1 of the Depths
 42047 | Depths:1 | Found a hide-covered altar of Uskayaw.
 42166 | Depths:1 | Found a one-way gate leading to the halls of Pandemonium.
 42390 | Depths:1 | Gained mutation: Your magical capacity is low. (-10% MP) [a
                  | shining eye]
 42394 | Depths:1 | Gained mutation: You sometimes lose the ability to read
                  | scrolls when taking damage. [a shining eye]
 42395 | Depths:1 | Gained mutation: Your magical capacity is very low. (-20%
                  | MP) [a shining eye]
 42745 | Depths:1 | Found a gateway to Hell.
 42814 | Depths:1 | Reached XP level 21. HP: 167/167 MP: 29/31
 42890 | Depths:1 | Found a white marble altar of Elyvilon.
 43470 | Depths:2 | Reached skill level 15 in Fighting
 43470 | Depths:2 | Reached skill level 15 in Short Blades
 43470 | Depths:2 | Reached skill level 15 in Throwing
 43928 | Depths:2 | Found a one-way gate to the infinite horrors of the Abyss.
 44007 | Depths:2 | Lost mutation: You sometimes lose the ability to read
                  | scrolls when taking damage. [potion of mutation]
 44007 | Depths:2 | Lost mutation: Your magical capacity is very low. (-20% MP)
                  | [potion of mutation]
 44007 | Depths:2 | Gained mutation: Your spells are a little easier to cast,
                  | but a little less powerful. [potion of mutation]
 44007 | Depths:2 | Gained mutation: Your spells are easier to cast, but less
                  | powerful. [potion of mutation]
 44008 | Depths:2 | Lost mutation: Your magical capacity is low. (-10% MP)
                  | [potion of mutation]
 44008 | Depths:2 | Lost mutation: Your spells are easier to cast, but less
                  | powerful. [potion of mutation]
 44008 | Depths:2 | Lost mutation: Your spells are a little easier to cast, but
                  | a little less powerful. [potion of mutation]
 44008 | Depths:2 | Gained mutation: Your mind is acute. (Int +2) [potion of
                  | mutation]
 44008 | Depths:2 | Gained mutation: You are weak. (Str -2) [potion of
                  | mutation]
 44008 | Depths:2 | Gained mutation: You are robust. (+10% HP) [potion of
                  | mutation]
 44111 | Depths:2 | Found a one-way gateway to a ziggurat.
 44694 | Depths:3 | Found a radiant altar of Vehumet.
 45036 | Depths:3 | Noticed a golden dragon
 45049 | Depths:3 | Killed a golden dragon
 46686 | Depths:4 | Entered Level 4 of the Depths
 46782 | Depths:4 | Reached skill level 15 in Dodging
 46910 | Depths:4 | Found Otier's Jewellery Shop.
 46919 | Depths:4 | Bought the ring "Vatel" {rF+ EV+4 Int+5} for 726 gold
                  | pieces
 47014 | Depths:4 | Found Ismied's General Store.
 47026 | Depths:4 | Reached XP level 22. HP: 193/193 MP: 40/40
 47409 | Depths:4 | Learned a level 7 spell: Summon Hydra
 47592 | Depths:4 | Noticed a golden dragon
 47602 | Depths:4 | Killed a golden dragon
 47625 | Depths:4 | Found a gate to the Realm of Zot.
 47870 | Depths:4 | Found Hopriw's Magic Scroll Emporium.
 47879 | Depths:4 | Bought a scroll of blinking for 90 gold pieces
 48176 | Elf:1    | Entered Level 1 of the Elven Halls
 48288 | Elf:1    | Reached skill level 15 in Long Blades
 48288 | Elf:1    | Reached skill level 15 in Axes
 48288 | Elf:1    | Reached skill level 15 in Maces & Flails
 48288 | Elf:1    | Reached skill level 15 in Polearms
 48288 | Elf:1    | Reached skill level 15 in Staves
 48288 | Elf:1    | Reached skill level 15 in Slings
 48288 | Elf:1    | Reached skill level 15 in Bows
 48288 | Elf:1    | Reached skill level 15 in Crossbows
 48288 | Elf:1    | Reached skill level 15 in Armour
 48288 | Elf:1    | Reached skill level 15 in Shields
 48288 | Elf:1    | Reached skill level 15 in Unarmed Combat
 48288 | Elf:1    | Reached skill level 15 in Spellcasting
 48288 | Elf:1    | Reached skill level 15 in Evocations
 48547 | Elf:1    | Got the Collected Works on the Entourage
 49241 | Elf:2    | Found a huge runed translucent gate.
 49241 | Elf:2    | Found a huge runed translucent gate.
 49242 | Elf:2    | Found a huge runed translucent gate.
 49243 | Elf:2    | Found a huge runed translucent gate.
 49249 | Elf:2    | Found a huge runed translucent gate.
 49440 | Elf:2    | Found Joataoqu's Jewellery Shoppe.
 49612 | Elf:3    | Entered Level 3 of the Elven Halls
 50037 | Elf:3    | Found Gauwk's Armour Shop.
 50105 | Elf:3    | Identified the +2 ring mail "Ephikoth" {rCorr}
 51090 | Elf:3    | Got the Volume of Weightlessness
 51091 | Elf:3    | Identified the amulet of Koipyruv {Spirit Str+5 Int+7}
 51134 | Elf:3    | namelastname112: грабишь их
 51134 | Elf:3    | namelastname112: сука
 51134 | Elf:3    | namelastname112: вор
 51194 | Elf:3    | namelastname112: еще и убил их всех перед этим
 51194 | Elf:3    | epen: Ъохлы же грабили ДНР и ЛНР
 51194 | Elf:3    | namelastname112: то есть ты хохол
 51194 | Elf:3    | epen: И людей в одессе сожгли
 51194 | Elf:3    | epen: Нет
 51194 | Elf:3    | epen: То есть они хохлы
 51194 | Elf:3    | epen: А я освободительная армия России
 51246 | Elf:3    | namelastname112: ммм бруч оф шилдинг
 51247 | Elf:3    | namelastname112: нахуй ее спиритом сделали
 51247 | Elf:3    | namelastname112: была вот рефлектом
 51247 | Elf:2    | namelastname112: было круто
 51622 | Slime:1  | Entered Level 1 of the Pits of Slime
 51643 | Slime:1  | Reached XP level 23. HP: 202/202 MP: 42/42
 51662 | Slime:2  | namelastname112: кстати
 51684 | Slime:1  | namelastname112: ты заметил же что иммолейшн теперь
                  | работает пизже
 51697 | Slime:1  | epen: Нет
 51697 | Slime:1  | epen: Недавно волты сжигал
 51697 | Slime:1  | namelastname112: если моба пиздануть пока он с иннер
                  | флеймом
 51697 | Slime:1  | epen: Особо разницы не заметил
 51697 | Slime:1  | namelastname112: из него огонь высирается
 51697 | Slime:1  | namelastname112: на клетке где он стоит
 51697 | Slime:1  | epen: Да
 51697 | Slime:1  | namelastname112: ну раньше не было такого
 51741 | Slime:2  | namelastname112: давай трж сожжем
 51808 | Slime:3  | You fall into a shaft and drop 1 floor!
 51826 | Slime:4  | Lost mutation: You are robust. (+10% HP) [a shining eye]
 51832 | Slime:4  | namelastname112: че блять
 51836 | Slime:4  | namelastname112: ??death channel
 51836 | Slime:4  | beem: death channel[1/1]: Level 6 necromancy spell in the
                  | book of Unlife. Gives you the temporary status of
                  | "channeling the dead" (check it in @ or %), during which
                  | anything killed by you or in your LOS comes back as a
                  | temporary friendly spectral thing (and can still leave a
                  | corpse, too).
 51836 | Slime:4  | epen: Да
 51836 | Slime:4  | epen: Да-да
 51931 | Slime:5  | Entered Level 5 of the Pits of Slime
 52002 | Slime:4  | namelastname112: ??spectral thing
 52003 | Slime:4  | beem: zombie[2/2]: All derived undead are -2 speed except
                  | for spectral things, which are normal speed (min 3).
                  | Zombies are AC/EV -2/-5, d5+5 hit die; skeletons -6/-7,
                  | d4+4; simulacra -2/-5, d4, AF_COLD; spectral things
                  | +2/-5, d4+3, AF_DRAIN.
 52232 | Slime:4  | namelastname112: а с каких пор блять
 52234 | Slime:5  | Gained mutation: Your body sometimes deteriorates upon
                  | taking damage. [a shining eye]
 52246 | Slime:5  | namelastname112: желе оставляют души
 52291 | Slime:4  | namelastname112: или я чето не так помню
 52291 | Slime:4  | namelastname112: не было ж такого
 52291 | Slime:4  | epen: Я сам охуел
 52291 | Slime:4  | epen: Не было
 52291 | Slime:4  | epen: А теперь слаймы изи чистятся за счёт этого
 52291 | Slime:4  | epen: Охуеть, да?
 52291 | Slime:4  | namelastname112: ??derived undead
 52291 | Slime:4  | beem: derived undead[1/1]: General term for monsters
                  | created by 'applying a template' (specific set of changes)
                  | to a base creature. See {Spectral Thing} {Skeleton}
                  | {Zombie} {Simulacrum}.
 52326 | Slime:5  | namelastname112: ??undead
 52328 | Slime:5  | beem: undead[1/2]: There are undead player races and undead
                  | monsters. The undead player races are Ghoul, Vampire, and
                  | Mummy. Undead players and monsters are vulnerable to holy
                  | wrath weapons and {dispel undead}, and they are immune to
                  | poison, negative energy, rotting, torment, and (monsters
                  | only) drowning.
 52347 | Slime:5  | Found a viscous altar of Jiyva.
 52347 | Slime:5  | Noticed the Royal Jelly
 52380 | Slime:5  | namelastname112: давай иммолейшн
 52385 | Slime:5  | Killed the Royal Jelly
 52387 | Slime:5  | Gained mutation: Your spells are a little easier to cast,
                  | but a little less powerful. [a shining eye]
 52388 | Slime:5  | Gained mutation: Your body often deteriorates upon taking
                  | damage. [a shining eye]
 52493 | Slime:5  | namelastname112: ну ебаны
 52687 | Slime:5  | Got a slimy rune of Zot
 52690 | Slime:5  | Found the +8 whip "Snakebite" {venom, curare, rPois}
 52692 | Slime:5  | Found the +8 arc blade {discharge, rElec}
 52711 | Slime:5  | Identified the +10 hunting sling "Obluuteu" {freeze, rF++
                  | rCorr SInv}
 52752 | Slime:5  | Identified the +9 halberd of Terra Cotta {protect, rElec
                  | rN+ Str+6}
 52762 | Slime:5  | namelastname112: а на демонов работает?
 52768 | Slime:5  | Identified the +9 hand axe of Gozag {vorpal, *Noise rCorr
                  | Str+5 Dex+3}
 52769 | Slime:5  | namelastname112: дчан
 52770 | Slime:5  | namelastname112: и на холиков
 52771 | Slime:5  | epen: Да
 52771 | Slime:5  | namelastname112: ебать
 52771 | Slime:5  | epen: Демонспавны оставляли
 52771 | Slime:5  | epen: А холиков не видел
 52771 | Slime:5  | namelastname112: ну демонспавны это не то
 52793 | Slime:5  | namelastname112: пойдем в ад зайдем
 52803 | Slime:5  | Identified the +1 robe of Unambiguity {rElec rC- Will++
                  | Str-2}
 52806 | Slime:5  | namelastname112: демона спиздить
 52806 | Slime:5  | epen: Нет
 52806 | Slime:5  | epen: Там двери закрывюат
 52806 | Slime:5  | epen: И рандом теле
 52806 | Slime:5  | epen: Умру
 52812 | Slime:5  | namelastname112: в холле не закрывают
 53034 | D:8      | namelastname112: ну где герион сидит
 53049 | D:9      | namelastname112: ??holines
 53104 | D:13     | beem: I don't have a page labeled holines in my learndb.
                  | Did you mean: holiness, holy.
 53131 | D:14     | namelastname112: ??holiness
 53131 | D:14     | beem: holiness[1/1]: Every Crawl monster has a holiness
                  | stat, from (holy, plant, natural, undead, nonliving,
                  | demonic). This stat reflects the monster's general nature,
                  | and many effects only occur to some types; polymorph only
                  | affects natural creatures and demons, and torment
                  | holy/natural, DU undead, etc. Nonliving monsters are
                  | immune to confusion. (not in 0.17+)
 53269 | Zot:1    | Entered Level 1 of the Realm of Zot
 53278 | Zot:1    | epen: Не
 53278 | Zot:1    | epen: Надо выиграть
 53278 | Zot:1    | epen: + в копилку к гнолу
 53278 | Zot:1    | namelastname112: дык ты выигрывал недавно
 53278 | Zot:1    | namelastname112: ??holy
 53278 | Zot:1    | beem: holy wrath[1/1]: Increases damage by 75% on average
                  | against undead and demons. These folks also cannot wield
                  | it. Does not hate evil creatures which are not undead or
                  | demons. This means that holy wrath is ineffective against
                  | hell knights, and some worshippers of evil gods can wield
                  | it.
 53278 | Zot:1    | epen: Ну
 53278 | Zot:1    | epen: на br не выигрывал ещё
 53282 | Zot:1    | epen: Смотри скок теле
 53282 | Zot:1    | namelastname112: !greatgnoll epen
 53282 | Zot:1    | epen: ??penis
 53282 | Zot:1    | beem: I don't have a page labeled penis in my learndb.
 53284 | Zot:1    | namelastname112: да думает
 53503 | Zot:2    | namelastname112: ??great player
 53504 | Zot:2    | beem: great player ~ greatplayers[1/2]: Players who have
                  | won every currently available to play race. Lifetime
                  | membership once you get in!
 53520 | Zot:2    | namelastname112: ??great species
 53521 | Zot:2    | beem: I don't have a page labeled great_species in my
                  | learndb.
 53527 | Zot:2    | namelastname112: ??greatrace
 53527 | Zot:2    | beem: greatrace[1/3]: Ce: rast, elliptic
                  | DD: WalkerBoh,
                  | elliptic, rast, qw
                  | DE: elliptic, johnnyzero
                  | Dg: bmfx,
                  | clouded, minmay, Lasty, elliptic
                  | Dj: causative
                  | Dr:
                  | eeviac, bmfx, Sharkman1231, Lasty, elliptic
                  | Ds: elliptic,
                  | Vizer, simm, bmfx, HDA, Sharkman1231, surr, minqmay,
                  | MorganLeah, Lasty, ManMan, WiseWolf
                  | Fe: madreisz,
                  | FelidMasterRace, elliptic, causative
                  | Fo: HDA
 53925 | Zot:2    | namelastname112: !greatrace dr .
 53944 | Zot:2    | namelastname112: ??greatrace [2
 53944 | Zot:2    | beem: greatrace[2/3]: Gh: Basil, elliptic
                  | Gr: bmfx,
                  | araganzar
                  | Ha:elliptic, Zooty| HE: bmfx, johnnyzero,
                  | elliptic
                  | HO: bmfx, Sharkman1231, elliptic
                  | Hu: Wahaha,
                  | Lasty
                  | Ko: bmfx
                  | Mf: Sharkman1231
                  | Mi: Brannock,
                  | elliptic, stickyfingers, ManMan
                  | Mu: elliptic, minmay,
                  | Basil, Lasty
                  | Na: bmfx, Sar
                  | Og: ophanim, Basil
                  | Op:
                  | bmfx, Berder, Lasty
 53946 | Zot:2    | namelastname112: ??greatrace [3
 53946 | Zot:2    | beem: greatrace[3/3]: Sp: Yermak, riverfiend
                  | Te:
                  | johnnyzero, elliptic, Sharkman1231
                  | Tr: tcjsavannah,
                  | elliptic
                  | Vp: DrKe, stickyfingers, Berder
                  | VS:
                  | perunasaurus
 53968 | Zot:2    | namelastname112: ты умрешь шизик
 53980 | Zot:2    | beem: Unwon draconians for namelastname112: DrCA
 54254 | Zot:2    | namelastname112: что такое CA нахуй
 54581 | Depths:4 | epen: Пиздец
 54581 | Depths:4 | epen: А че ебут-то?
 54677 | Depths:3 | namelastname112: ну блять
 54684 | Depths:3 | namelastname112: зот теперь не шутки нахуй
 54727 | Depths:4 | namelastname112: эх вот раньше
 54727 | Depths:2 | namelastname112: инвизом намазался
 54823 | Depths:2 | namelastname112: и ебешь всех в рот
 54826 | Depths:2 | namelastname112: ??CA
 54828 | Depths:2 | beem: cinder acolyte[1/1]: Zealot background. Starts out
                  | worshipping {Ignis}, but will probably want to abandon once
                  | piety runs out. Gets a robe, a choice of -1 flaming
                  | weapons, and {Scorch} when they hit XL 2. New in 0.28.
 54877 | Depths:2 | namelastname112: ой блять
 54877 | Depths:2 | epen: Я ж говорил
 54877 | Depths:2 | namelastname112: кринжграунд
 54877 | Depths:2 | epen: Про то что тебе ебут -рф
 54878 | Zig:1    | Entered Level 1 of a ziggurat
 54880 | Zig:1    | namelastname112: !polytheist
 54902 | Zig:2    | Entered Level 2 of a ziggurat
 54918 | Zig:2    | beem: Unwon gods for namelastname112: Ignis
 54920 | Zig:2    | namelastname112: !greatrace epen gnoll
 54920 | Zig:2    | beem: epen is not a race, sorry.
 54921 | Zig:3    | Entered Level 3 of a ziggurat
 54934 | Zig:3    | namelastname112: !greatrace gnoll epen
 54948 | Zig:4    | Entered Level 4 of a ziggurat
 54988 | Zig:5    | Entered Level 5 of a ziggurat
 55012 | Zig:5    | Identified the ring "Xyir" {rPois EV+4 Str+3 Int+2}
 55021 | Zig:5    | Identified the ring of Umad {Ice Will++ Int-5 SInv}
 55281 | Depths:4 | namelastname112: чето он долго думает про тебя
 55281 | Depths:4 | beem: Unwon gnolls for epen: GnAE, GnAK, GnAM, GnAr, GnBr,
                  | GnCA, GnCj, GnCK, GnDe, GnEE, GnEn, GnFE, GnIE, GnNe, GnSu,
                  | GnVM, GnWr, GnWz
 55281 | Depths:4 | Bought a scroll of immolation for 42 gold pieces
 55281 | Depths:4 | Bought a scroll of magic mapping for 42 gold pieces
 55281 | Depths:4 | namelastname112: уууу
 55284 | Depths:4 | namelastname112: как все запущено
 55510 | Vaults:1 | Bought a scroll of immolation for 45 gold pieces
 55614 | Vaults:5 | Entered Level 5 of the Vaults
 55620 | Vaults:5 | Reached XP level 24. HP: 151/193 MP: 43/43
 55884 | Vaults:5 | Noticed a dread lich
 56187 | Vaults:4 | Killed a dread lich
 56332 | Vaults:5 | Identified the +7 great sword "Yxyridi" {holy, *Rage +Blink
                  | Str+6}
 56358 | Vaults:4 | namelastname112: ай
 56634 | Vaults:4 | Lost mutation: Your mind is acute. (Int +2) [potion of
                  | mutation]
 56634 | Vaults:4 | Lost mutation: You are weak. (Str -2) [potion of mutation]
 56634 | Vaults:4 | Gained mutation: Your magical capacity is low. (-10% MP)
                  | [potion of mutation]
 56634 | Vaults:4 | Gained mutation: You do not regenerate when monsters are
                  | visible. [potion of mutation]
 56635 | Vaults:4 | Lost mutation: Your body often deteriorates upon taking
                  | damage. [potion of mutation]
 56635 | Vaults:4 | Lost mutation: Your magical capacity is low. (-10% MP)
                  | [potion of mutation]
 56635 | Vaults:4 | Gained mutation: Your spells are easier to cast, but less
                  | powerful. [potion of mutation]
 56635 | Vaults:4 | Gained mutation: You expend magic power (3 MP) to
                  | strengthen your wands. [potion of mutation]
 56635 | Vaults:4 | Gained mutation: Your skin changes colour to match your
                  | surroundings (Stealth+). [potion of mutation]
 56635 | Vaults:4 | Gained mutation: You have sharp toenails. [potion of
                  | mutation]
 56636 | Vaults:4 | Lost mutation: Your skin changes colour to match your
                  | surroundings (Stealth+). [potion of mutation]
 56636 | Vaults:4 | Lost mutation: You do not regenerate when monsters are
                  | visible. [potion of mutation]
 56636 | Vaults:4 | Lost mutation: You have sharp toenails. [potion of
                  | mutation]
 56637 | Vaults:4 | Lost mutation: You expend magic power (3 MP) to strengthen
                  | your wands. [potion of mutation]
 56637 | Vaults:4 | Lost mutation: Your body sometimes deteriorates upon taking
                  | damage. [potion of mutation]
 56637 | Vaults:4 | Lost mutation: Your spells are easier to cast, but less
                  | powerful. [potion of mutation]
 56637 | Vaults:4 | Gained mutation: You do not regenerate when monsters are
                  | visible. [potion of mutation]
 56638 | Vaults:4 | Lost mutation: You do not regenerate when monsters are
                  | visible. [potion of mutation]
 56638 | Vaults:4 | Lost mutation: Your spells are a little easier to cast, but
                  | a little less powerful. [potion of mutation]
 56638 | Vaults:4 | Gained mutation: Your spells are a little easier to cast,
                  | but a little less powerful. [potion of mutation]
 56638 | Vaults:4 | Gained mutation: You tend to lose your temper in combat.
                  | [potion of mutation]
 56638 | Vaults:4 | Gained mutation: You are strong-willed. (Will+) [potion of
                  | mutation]
 56639 | Vaults:4 | Lost mutation: You are strong-willed. (Will+) [potion of
                  | mutation]
 56639 | Vaults:4 | Lost mutation: You tend to lose your temper in combat.
                  | [potion of mutation]
 56639 | Vaults:4 | Gained mutation: You sometimes lose the ability to read
                  | scrolls when taking damage. [potion of mutation]
 56640 | Vaults:4 | Lost mutation: You sometimes lose the ability to read
                  | scrolls when taking damage. [potion of mutation]
 56640 | Vaults:4 | Lost mutation: Your spells are a little easier to cast, but
                  | a little less powerful. [potion of mutation]
 56640 | Vaults:4 | Gained mutation: You have sharp toenails. [potion of
                  | mutation]
 56640 | Vaults:4 | Gained mutation: You are partially covered in iridescent
                  | scales. (AC +2) [potion of mutation]
 56697 | Vaults:5 | Found Qiqih's Magic Scroll Shop.
 56753 | Vaults:5 | namelastname112: а там же вроде суммонер теперь человек, а
                  | не уебище без экспы, да?
 56757 | Vaults:5 | namelastname112: даня
 56759 | Vaults:5 | namelastname112: МАРК
 56780 | Vaults:5 | namelastname112: даня не читает
 57066 | Vaults:5 | namelastname112: свитков теле набрал прям как в старых
                  | версах
 57067 | Vaults:5 | HP: 12/253 [tentacled monstrosity (5)]
 57096 | Vaults:5 | namelastname112: ебать он урод
 57096 | Vaults:5 | epen: Он еблан?
 57096 | Vaults:5 | namelastname112: он просто взял наступил
 57096 | Vaults:5 | epen: Или решил типа
 57096 | Vaults:5 | epen: Тревожную кнопку нажать?
 57096 | Vaults:5 | namelastname112: мне кажется да
 57098 | Vaults:5 | namelastname112: мб их научили типа
 57376 | Vaults:5 | namelastname112: вот же ломятся
 57417 | Vaults:5 | Noticed a dread lich
 57426 | Vaults:5 | Killed a dread lich
 57431 | Vaults:5 | namelastname112: ??dread lich
 57432 | Vaults:5 | beem: I don't have a page labeled dread_lich in my learndb.
 57435 | Vaults:5 | namelastname112: @??dread lich
 57437 | Vaults:5 | beem: dread lich (L)
                  | Spd:
    10 | HD: 27   | HP: 90-122
                  | | AC/EV: 20/10
                  | Dam: 20(drain)
                  | undead, doors, evil,
                  | spellcaster, see invisible, unbreathing
                  | Res:
                  | will(invuln), fire, cold++, elec, poison+++, drown, miasma,
                  | neg+++, torm
                  | Vul: holy
                  | XP: 5119
                  | Sp: sum.greater
                  | demon, paralyse, haste, invisibility
                  | Sz: Medium
                  | Int:
                  | human.
 57437 | Vaults:5 | Identified the ring of the Catamount {rElec rC+ rN+ Str+2
                  | Dex+4}
 57466 | Vaults:5 | Noticed an ancient lich
 57473 | Vaults:5 | Killed an ancient lich
 57484 | Vaults:5 | namelastname112: а, у них же теперь спеллы у всех
                  | фиксированные, да?
 57749 | Vaults:5 | Got a silver rune of Zot
 57750 | Vaults:5 | namelastname112: ну взял ты четыре руны
 57750 | Vaults:5 | namelastname112: а нахуя?
 57750 | Vaults:5 | epen: Ну
 57750 | Vaults:5 | namelastname112: трех тебе мало было?
 57750 | Vaults:5 | epen: Я в волты шёл чтоб пити реснуть
 57858 | Vaults:5 | namelastname112: реснул
 57992 | Vaults:5 | Got the Almanac of Glory
 58000 | Vaults:5 | Got Ynkamm's Compendium of Calling
 58055 | Vaults:5 | Noticed a dread lich
 58061 | Vaults:5 | Killed a dread lich
 58071 | Vaults:5 | Reached XP level 25. HP: 201/201 MP: 43/43
 58089 | Vaults:5 | Identified the +0 pair of boots of Cheibriados {rN+}
 58095 | Vaults:5 | namelastname112: о
 58097 | Vaults:5 | namelastname112: сапоги чеибриадоса
 58097 | Vaults:5 | namelastname112: верни ему
 58097 | Vaults:5 | epen: Он не примет
 58175 | Vaults:5 | namelastname112: на алтарь положи
 58210 | Vaults:5 | namelastname112: он потом заберет
 59517 | Zot:1    | epen: Сука
 59517 | Zot:1    | epen: Какой же пиздец
 60264 | Zot:3    | epen: Ой бляяяя
 60317 | Zot:3    | Learned a level 3 spell: Frozen Ramparts
 60322 | Zot:3    | Identified the +11 short sword "Eciej" {protect, Contam
                  | Int-4 Dex+9 Stlth+}
 61879 | Zot:3    | Noticed Parghit
 61886 | Zot:3    | Killed Parghit
 62492 | Zot:3    | namelastname112: да, зот теперь пиздатый
 64140 | Zot:5    | Entered Level 5 of the Realm of Zot
 64160 | Zot:5    | epen: Бля
 64160 | Zot:5    | epen: Ненавижу этот зот
 64160 | Zot:5    | epen: Без стенок
 64160 | Zot:5    | namelastname112: сделай свои стенки
 64160 | Zot:5    | namelastname112: у тебя копалка есть
 64160 | Zot:5    | namelastname112: @??orb of electricity
 64160 | Zot:5    | beem: orb of electricity (*)
                  | Spd:
15 | HD:
    30 | HP:      | 128-171
                  | AC/EV: 20/20
                  | non-living, see invisible, fly,
                  | unbreathing, vault
                  | Res: will(invuln), fire+++, cold,
                  | elec+++, poison+++, drown, miasma, neg+++, torm, napalm
                  | | XP: 5214
                  | Sp: chain lightning (3d57) [!sil]
                  | Sz: little
                  | | Int: human.
 64160 | Zot:5    | epen: ooooo eeee
 64168 | Zot:5    | namelastname112: @??succubus
 64169 | Zot:5    | beem: unknown monster: "succubus"
 64723 | Zot:5    | namelastname112: там в арене мяса мобам наконец тайлы
                  | нарисовали уникальные
 64727 | Zot:5    | namelastname112: охуеть
 65276 | Zot:5    | Reached XP level 26. HP: 211/211 MP: 44/44
 65405 | Zot:5    | Noticed an ancient lich
 65405 | Zot:5    | Noticed a Killer Klown
 65410 | Zot:5    | Killed an ancient lich
 65411 | Zot:5    | Noticed a Killer Klown
 65416 | Zot:5    | Noticed a Killer Klown
 65436 | Zot:5    | Noticed a Killer Klown
 65437 | Zot:5    | Noticed a Killer Klown
 65442 | Zot:5    | Killed a Killer Klown
 65443 | Zot:5    | Noticed an orb of fire
 65449 | Zot:5    | Gained mutation: You do not regenerate when monsters are
                  | visible. [an orb of fire]
 65453 | Zot:5    | Gained mutation: You are dopey. (Int -2) [an orb of fire]
 65455 | Zot:5    | Killed an orb of fire
 65461 | Zot:5    | Killed a Killer Klown
 65497 | Zot:5    | Lost mutation: You are dopey. (Int -2) [potion of mutation]
 65497 | Zot:5    | Lost mutation: You have sharp toenails. [potion of
                  | mutation]
 65497 | Zot:5    | Lost mutation: You do not regenerate when monsters are
                  | visible. [potion of mutation]
 65497 | Zot:5    | Gained mutation: You expend magic power (3 MP) to
                  | strengthen your wands. [potion of mutation]
 65497 | Zot:5    | Gained mutation: You are resistant to electric shocks.
                  | (rElec) [potion of mutation]
 65519 | Zot:5    | Noticed an orb of fire
 65528 | Zot:5    | Gained mutation: You tend to lose your temper in combat.
                  | [an orb of fire]
 65530 | Zot:5    | Killed an orb of fire
 65655 | Zot:5    | Noticed a Killer Klown
 65684 | Zot:5    | Killed a Killer Klown
 65692 | Zot:5    | Noticed a Killer Klown
 65699 | Zot:5    | Reached skill level 15 in Conjurations
 65699 | Zot:5    | Reached skill level 15 in Hexes
 65699 | Zot:5    | Reached skill level 15 in Summonings
 65699 | Zot:5    | Reached skill level 15 in Necromancy
 65699 | Zot:5    | Reached skill level 15 in Translocations
 65699 | Zot:5    | Reached skill level 15 in Transmutations
 65699 | Zot:5    | Reached skill level 15 in Fire Magic
 65699 | Zot:5    | Reached skill level 15 in Ice Magic
 65699 | Zot:5    | Reached skill level 15 in Air Magic
 65699 | Zot:5    | Reached skill level 15 in Earth Magic
 65699 | Zot:5    | Reached skill level 15 in Poison Magic
 65717 | Zot:5    | Killed a Killer Klown
 65818 | Zot:5    | Noticed a Killer Klown
 65829 | Zot:5    | Killed a Killer Klown
 65876 | Zot:5    | Lost mutation: You are resistant to electric shocks.
                  | (rElec) [potion of mutation]
 65876 | Zot:5    | Lost mutation: You tend to lose your temper in combat.
                  | [potion of mutation]
 65876 | Zot:5    | Gained mutation: You are mostly covered in iridescent
                  | scales. (AC +4) [potion of mutation]
 65876 | Zot:5    | Gained mutation: Your system is resistant to poisons.
                  | (rPois) [potion of mutation]
 65932 | Zot:5    | Killed a Killer Klown
 65939 | Zot:5    | Killed a Killer Klown
 66005 | Zot:5    | Noticed an orb of fire
 66009 | Zot:5    | Gained mutation: You are dopey. (Int -2) [an orb of fire]
 66010 | Zot:5    | Gained mutation: You are clumsy. (Dex -2) [an orb of fire]
 66011 | Zot:5    | Lost mutation: You are clumsy. (Dex -2) [an orb of fire]
 66013 | Zot:5    | Gained mutation: You are weak. (Str -2) [an orb of fire]
 66016 | Zot:5    | Noticed a Killer Klown
 66020 | Zot:5    | Gained mutation: You are very weak. (Str -4) [an orb of
                  | fire]
 66028 | Zot:5    | namelastname112: даня
 66028 | Zot:5    | Gained mutation: Your body sometimes deteriorates upon
                  | taking damage. [an orb of fire]
 66029 | Zot:5    | Killed an orb of fire
 66035 | Zot:5    | Killed a Killer Klown
 66036 | Zot:5    | namelastname112: любишь мотылей?
 66256 | Zot:5    | Cast into level 5 of the Abyss (Killer Klown)
 66256 | Abyss:5  | Entered Level 5 of the Abyss
 66257 | Abyss:5  | epen: М
 66257 | Abyss:5  | epen: Ну
 66257 | Abyss:5  | epen: Пошли либо умрём
 66257 | Abyss:5  | epen: Либо за руной
 66386 | Zot:5    | Escaped the Abyss
 66397 | Zot:5    | Killed a Killer Klown
 66551 | Zot:5    | Noticed a Killer Klown
 66568 | Zot:5    | Noticed an ancient lich
 66577 | Zot:5    | Killed an ancient lich
 66588 | Zot:5    | Killed a Killer Klown
 66939 | Zot:5    | namelastname112: какой руной
 66939 | Zot:5    | Got the Orb of Zot
 66941 | Zot:5    | epen: Да меня в пятый аббис кинули
 66941 | Zot:5    | namelastname112: а
 66941 | Zot:5    | epen: +11 клаб дисторшн
 67278 | Depths:2 | Noticed Buruq the pandemonium lord
 67301 | Depths:2 | Killed Buruq the pandemonium lord
 67402 | D:12     | Noticed Miamuclo the pandemonium lord
 67410 | D:11     | Killed Miamuclo the pandemonium lord
 67610 | D:1      | Noticed Juwy the pandemonium lord
 67622 | D:1      | Killed Juwy the pandemonium lord
 67668 | D:$      | Escaped with the Orb!

Illustrated notes

Levels and vault maps discovered:
D:1:      mrwooster_arrival_arrow, layout_basic, serial_shops,
          nicolae_shop_overgrown_old_shop, chequers_serial_rivers_room_b
D:2:      kennysheep_six_static_rooms, layout_basic, basic_altar,
          basic_ecumenical_altar, fountainhead
D:3:      layout_basic, ebering_ghost_inner_flame
D:4:      dreamdust_elfheim, layout_loops_corners, lemuel_temple_firewalk_b,
          nicolae_shop_overcharged_wands
D:5:      layout_loops_ring, solitary_fountain, nicolae_elevator_lobby_asterisk,
          uniq_sigmund, uniq_menkaure, uniq_blork_the_orc, uniq_duvessa,
          uniq_grinder
D:6:      layout_rooms, dreamdust_gnoll_farm
D:7:      layout_loops_ring, kennysheep_mini, enter_ossuary_4, enter_bailey_3,
          kennysheep_big_empty_room, kennysheep_path_1
D:8:      layout_cave_pools, minmay_lair_entry_grove, minmay_misc_feat_plants
D:9:      layout_long_grid, david_orc_2, uniq_psyche
D:10:     layout_grid_maze, minivault_7, uniq_grum
D:11:     layout_loops_corners, gammafunk_ghost_necromancy
D:12:     layout_long_grid, serial_shops, shop_statue
D:13:     layout_irregular_city, skrybe_vaults_entry_preservation, uniq_kirke
D:14:     layout_roguey, nicolae_trove_entry_columns
D:15:     hangedman_depths_entry_try_elsewhere_first, layout_long_grid,
          hangedman_abyss_or_decor_clamps, nicolae_wu_jian_immortal_techniques
Temple:   grunt_wide_crystal_templ
Lair:1:   beast_lair_carwin_large_1, layout_cave_shapes, grunt_megastairs_2,
          lemuel_fruit_tree, serial_bayou_shore_b
Lair:2:   layout_chaotic_city, gauntlet_entry_generic, basic_altar,
          st_stairs_11, uniq_erica
Lair:3:   layout_regular_city, swamp_mist_pool,
          nicolae_spider_entry_orb_guardian
Lair:4:   layout_hall_layers, grunt_megastairs_4
Lair:5:   layout_cave_pods, roderic_carrion_pond, serial_bayou_shore_b,
          infiniplex_staircase_pool, lemuel_fruit_fields
Lair:6:   gammafunk_lair_ancient_temple, layout_long_grid,
          dpeg_slime_entry_corner, minmay_stone_trees_small,
          kilobyte_rumbling_trees
Swamp:1:  nicolae_swamp_decorative_isthmus, layout_basic_swamp,
          evilmike_swamp_ruin_house_1
Swamp:2:  layout_basic_swamp, evilmike_swamp_ruin_rubble_2, uniq_mlioglotl,
          uniq_aizul
Swamp:3:  layout_basic_swamp, serial_swamp_ruin, evilmike_swamp_ruin_rubble_1,
          evilmike_swamp_ruin_house_3
Swamp:4:  swamp_pestilence, layout_basic_swamp, swamp_pool1,
          nicolae_swamp_drake_lake, uniq_nikola
Spider:1: layout_chambers, hangedman_spider_tarantella_strand
Spider:2: layout_cave_pods, gammafunk_ghost_grave, uniq_frances, uniq_arachne
Spider:3: layout_spider_delve, drop_trap
Spider:4: guppyfry_spider_rune, nicolae_spider_circle_web
Slime:1:  layout_caves
Slime:2:  layout_caves
Slime:3:  layout_caves
Slime:4:  layout_caves, cheibrodos_slime_lost_civilization_6
Slime:5
Orc:1:    layout_caves, uniq_amaemon
Orc:2:    st_orc_mages, layout_caves, nicolae_volcano_entry_s_turn, uniq_maurice
Elf:1:    eino_elf_arrival_sip, layout_geoelf_octagon, minmay_elf_demonology
Elf:2:    elven_hall_of_blades_hangedman_alternative
          [nicolae_blade_entry_crossed_weapons], layout_gridlike, serial_shops,
          shop, nicolae_elf_glass_and_crystal_pillar_2
Elf:3:    elf_hall, layout_loops_corners, serial_shops,
          nicolae_shop_behind_doors, portal_ice_cave_entry_pillars_three
Vaults:1: gammafunk_ghost_arena, v_misc_15, v_alt_pattern_3,
          vaults_standard_mumra_enter_the_diamond,
          nicolae_vaults_little_squares_6, layout_vaults_omnigrid, serial_shops,
          nicolae_shop_trees, nicolae_shop_waterfront, nicolae_square_shop,
          shop_coins, shop
Vaults:2: vaults_mumra_chevron_long, nicolae_vaults_back_hallway,
          nicolae_vaults_circle_grid_b, grunt_vaults_hallway_short,
          nicolae_vaults_mini_display_case, nicolae_vaults_meeting, v_misc_25,
          minmay_crypt_entry_simple_box, v_misc_16, ontoclasm_vaults_idyll,
          vaults_dpeg_ring, layout_vaults_omnicross, serial_shops,
          nicolae_shop_statue_plus, shop, shop, shop
Vaults:3: ontoclasm_vaults_eye, grunt_vaults_funnel, emtedronai_trogs_sanctum,
          v_misc_22, vaults_mumra_minichess_inversion, hangedman_vaults_cutoff,
          v_misc_23, nicolae_vaults_stairing_the_circle,
          dpeg_vaults_monster_box, nicolae_vaults_ring_of_whatevers,
          layout_vaults_omnibox, uniq_zenata, uniq_bai_suzhen, uniq_mennas
Vaults:4: vaults_dpeg_doors, serial_ice_h, nicolae_vaults_little_squares_2,
          grunt_vaults_hallway_short, nicolae_vaults_twisting_passages,
          nicolae_vaults_asterisk, vaults_room_hallway,
          nicolae_vaults_border_crossing, ontoclasm_vaults_hangar,
          vaults_mumra_hexcomb, layout_vaults_chaotic_city
Vaults:5
Depths:1: layout_gridville, nicolae_uskayaw_en_pointe,
          nicolae_hell_entry_hellmouth_sunbeams, pan_entry,
          hangedman_abyss_or_decor_stabs, elyvilon_altar_4
Depths:2: hellmonk_ruined_rings, layout_basic, enter_ziggurat_f, pf_coc_iceberg,
          minmay_misc_feat_cross, rand_demon_pan_entry_4, abyss_entry_crystal,
          infiniplex_staircase_river
Depths:3: hangedman_stitches_corridor, layout_long_grid,
          nicolae_vehumet_radiance, pf_vacation_house_of_asmodeus,
          grunt_pan_entry_zigzag, abyss_entry_small_statue_room,
          infiniplex_staircase_zigzag_5
Depths:4: grunt_zot_entry_alcove, layout_cross, grunt_hell_entry_dis_grunt,
          serial_shops, nicolae_shop_stone, shop, nicolae_shop_hallway_plus
Zot:1:    kennysheep_spiral_hall, layout_onion, gammafunk_ghost_tricky_traps,
          grunt_megastairs_3
Zot:2:    grunt_twist_and_shout, layout_onion, lemuel_lich_library
Zot:3:    lemuel_draconian_sentries, layout_twisted_circle, uniq_parghit
Zot:4:    layout_onion, hangedman_hellfire_club
Zot:5:    layout_gridlike

Skill      XL: |  1  2  3  4  5  6  7  8  9 10 11 12 13 14 15 16 17 18 19 20 21 22 23 24 25 26 |
---------------+-------------------------------------------------------------------------------+-----
Invocations    | 1 2 3 4 5 6 7 8 9 10 11 12 13 14 15 16 17 18 19 | 19.5
Long Blades    | 1 2 3 4 5 6 7 8 9 10 11 12 13 14 15 16 17 18 | 18.0
Axes           | 1 2 3 4 5 6 7 8 9 10 11 12 13 14 15 16 17 18 | 18.0
Maces & Flails | 1 2 3 4 5 6 7 8 9 10 11 12 13 14 15 16 17 18 | 18.0
Polearms       | 1 2 3 4 5 6 7 8 9 10 11 12 13 14 15 16 17 18 19 | 19.9
Staves         | 1 2 3 4 5 6 7 8 9 10 11 12 13 14 15 16 17 18 | 18.0
Slings         | 1 2 3 4 5 6 7 8 9 10 11 12 13 14 15 16 17 18 | 18.0
Bows           | 1 2 3 4 5 6 7 8 9 10 11 12 13 14 15 16 17 18 | 18.0
Crossbows      | 1 2 3 4 5 6 7 8 9 10 11 12 13 14 15 16 17 18 | 18.0
Armour         | 1 2 3 4 5 6 7 8 9 10 11 12 13 14 15 16 17 18 | 18.0
Shields        | 1 2 3 4 5 6 7 8 9 10 11 12 13 14 15 16 17 18 | 18.0
Unarmed Combat | 1 2 3 4 5 6 7 8 9 10 11 12 13 14 15 16 17 18 | 18.0
Spellcasting   | 1 2 3 4 5 6 7 8 9 10 11 12 13 14 15 16 17 18 | 18.0
Evocations     | 1 2 3 4 5 6 7 8 9 10 11 12 13 14 15 16 17 18 | 18.0
Conjurations   | 1 2 3 4 5 6 7 8 9 10 11 12 13 14 15 | 15.3
Hexes          | 1 2 3 4 5 6 7 8 9 10 11 12 13 14 15 | 15.3
Summonings     | 1 2 3 4 5 6 7 8 9 10 11 12 13 14 15 | 15.3
Necromancy     | 1 2 3 4 5 6 7 8 9 10 11 12 13 14 15 | 15.3
Translocations | 1 2 3 4 5 6 7 8 9 10 11 12 13 14 15 | 15.3
Transmutations | 1 2 3 4 5 6 7 8 9 10 11 12 13 14 15 | 15.3
Fire Magic     | 1 2 3 4 5 6 7 8 9 10 11 12 13 14 15 | 15.3
Ice Magic      | 1 2 3 4 5 6 7 8 9 10 11 12 13 14 15 | 15.3
Air Magic      | 1 2 3 4 5 6 7 8 9 10 11 12 13 14 15 | 15.3
Earth Magic    | 1 2 3 4 5 6 7 8 9 10 11 12 13 14 15 | 15.3
Poison Magic   | 1 2 3 4 5 6 7 8 9 10 11 12 13 14 15 | 15.3
Dodging        | 3 4 5 6 7 8 9 10 11 12 13 14 15 16 17 18 19 | 19.9
Stealth        | 8 9 10 11 12 13 14 15 16 17 18 19 | 19.3
Fighting       | 5 6 7 8 9 10 11 12 13 14 15 16 17 18 | 18.5
Short Blades   | 5 6 7 8 9 10 11 12 13 14 15 16 17 18 | 18.5
Throwing       | 5 6 7 8 9 10 11 12 13 14 15 16 17 18 | 18.5

Action                   |  1- 3 |  4- 6 |  7- 9 | 10-12 | 13-15 | 16-18 | 19-21 | 22-24 | 25-27 || total
-------------------------+-------+-------+-------+-------+-------+-------+-------+-------+-------++-------
Melee: Dagger            |    91 |   157 |   107 |       |       |       |       |       |       ||   355
       Bite              |     9 |    16 |    13 |    25 |    88 |   153 |   162 |   179 |   162 ||   807
       Punch             |     2 |     4 |     4 |    11 |    47 |    81 |       |       |       ||   149
       Broad axe         |       |       |    60 |   212 |   515 |    52 |       |       |       ||   839
       Unarmed           |       |       |       |       |       |   958 |   789 |   922 |   726 ||  3395
       Kick              |       |       |       |       |       |       |       |    91 |   219 ||   310
Throw: Javelin           |       |    10 |       |       |    11 |    50 |       |     4 |     7 ||    82
       Dart              |       |     3 |     5 |       |       |     3 |       |       |     7 ||    18
       Boomerang         |       |       |       |       |       |     1 |       |       |       ||     1
 Cast: Statue Form       |       |       |       |       |       |   129 |    79 |    92 |   119 ||   419
       Death Channel     |       |       |       |       |       |     5 |    33 |    37 |     9 ||    84
       Summon Hydra      |       |       |       |       |       |       |       |    14 |     6 ||    20
       Frozen Ramparts   |       |       |       |       |       |       |       |       |    81 ||    81
Invok: Slouch            |       |       |       |     1 |     2 |    13 |    14 |    15 |     2 ||    47
       Step From Time    |       |       |       |       |       |       |     1 |     6 |       ||     7
Evoke: Wand              |       |       |       |       |       |       |     3 |     2 |    14 ||    19
       Box of beasts     |       |       |       |       |       |       |       |     1 |       ||     1
  Use: Potion            |       |     3 |       |       |     1 |       |     4 |    14 |     5 ||    27
       Scroll            |       |       |    13 |    10 |     5 |     6 |       |    18 |     9 ||    61
 Stab: Sleeping          |     5 |    21 |    20 |     8 |    51 |    12 |    11 |    10 |     4 ||   142
       Distracted        |       |       |     1 |     5 |    13 |     3 |    27 |    20 |     2 ||    71
       Invisible         |       |       |       |       |       |       |       |     2 |       ||     2
       Confused          |       |       |       |       |       |       |       |       |     2 ||     2
Armor: Robe              |    29 |    16 |    26 |    15 |       |     1 |       |     2 |     8 ||    97
       Ring mail         |       |    13 |       |       |       |       |       |       |       ||    13
       Troll leather arm |       |       |       |    51 |     7 |       |       |       |       ||    58
       Shadow dragon sca |       |       |       |       |   263 |    19 |       |       |       ||   282
       Skin              |       |       |       |       |       |   639 |   297 |   335 |   169 ||  1440
Dodge: Dodged            |    57 |    72 |    95 |   302 |   544 |  2356 |  1233 |  1814 |  1073 ||  7546
Block: Other             |       |    14 |    39 |    57 |   122 |   356 |       |       |       ||   588
       Reflection        |       |       |       |       |     3 |    20 |       |       |       ||    23
       Buckler           |       |       |       |       |       |   234 |   198 |   771 |    18 ||  1221
       Kite shield       |       |       |       |       |       |       |   729 |       |       ||   729
       Tower shield      |       |       |       |       |       |       |       |       |  1381 ||  1381

Table legend: (Time is in decaauts)
 A = Elapsed time spent in this place.
 B = Non-inter-level travel time spent in this place.
 C = Inter-level travel time spent in this place.
 D = Time resting spent in this place.
 E = Time spent auto-exploring this place.
 F = Levels seen in this place.
 G = Mean time per level.
                   A        B        C        D        E       F      G
               +--------+--------+--------+--------+--------+-----+--------+
         Total | 109553 |  98208 |  11345 |  16262 |  57551 |  63 | 1738.9 |
       Dungeon |  23168 |  19649 |   3519 |    618 |  15920 |  15 | 1544.5 |
        Temple |     88 |     78 |     10 |      0 |     37 |   1 |   88.0 |
          Lair |  11358 |   9389 |   1969 |    790 |   7071 |   6 | 1893.0 |
         Swamp |   7552 |   7124 |    428 |   1650 |   3690 |   4 | 1888.0 |
   Spider Nest |  12799 |  11598 |   1201 |   1968 |   7296 |   4 | 3199.8 |
    Slime Pits |   1726 |   1671 |     55 |    696 |     57 |   5 |  345.2 |
  Orcish Mines |   2528 |   2352 |    176 |      0 |   1807 |   2 | 1264.0 |
   Elven Halls |   6289 |   5870 |    419 |    412 |   3968 |   3 | 2096.3 |
        Vaults |  16464 |  15302 |   1162 |   2869 |   9049 |   5 | 3292.8 |
        Depths |  13106 |  10911 |   2195 |   1538 |   7401 |   4 | 3276.5 |
           Zot |  12264 |  12057 |    207 |   5561 |    655 |   5 | 2452.8 |
         Abyss |    260 |    260 |      0 |      0 |      0 |   1 |  260.0 |
      Ziggurat |    279 |    279 |      0 |      4 |      0 |   5 |   55.8 |
       Ossuary |    248 |    248 |      0 |      0 |    156 |   1 |  248.0 |
       Volcano |    356 |    356 |      0 |      0 |     32 |   1 |  356.0 |
      Gauntlet |   1061 |   1061 |      0 |    154 |    409 |   1 | 1061.0 |
               +--------+--------+--------+--------+--------+-----+--------+

Top non-repeatable levels by time:
Vaults:4: 4326 daAuts
   Zot:3: 4183 daAuts
   Zot:5: 4126 daAuts
Depths:3: 3925 daAuts
Spider:4: 3829 daAuts
Depths:2: 3387 daAuts
Vaults:3: 3310 daAuts
Spider:1: 3250 daAuts
Vaults:5: 3205 daAuts
Depths:4: 3187 daAuts
Spider:3: 3173 daAuts
   Elf:3: 3170 daAuts
Vaults:2: 2994 daAuts
Vaults:1: 2626 daAuts
Depths:1: 2605 daAuts
